 Dungeon Crawl Stone Soup version 0.32-a0-696-g5fa0bccb63 (webtiles) character file.

Game seed: 5622377125072468464

13256807 Mousus6 the Middleweight Champion (level 27, 224/224 HPs)
             Began as an Octopode Alchemist on Mar 13, 2024.
             Was a High Priest of Dithmenos.
             Escaped with the Orb
             ... and 15 runes
             ... and 1 gem!
             The game lasted 05:24:44 (121908 turns).

Mousus6 the Middleweight Champion (OpAl)          Turns: 121908, Time: 05:24:45

Health: 224/224    AC: 15    Str: 32    XL:     27
Magic:  49/49      EV: 55    Int: 37    God:    Dithmenos [*****.]
Gold:   2169       SH:  0    Dex: 17    Spells: 5/52 levels left

rFire   + +          +
                       - Unarmed
rCold   + + +        k - melded +2 shield of Resistance {rF++ rC++ Will++}
rNeg    + + +        Z - melded +3 crown of Dyrovepreva {rElec Int+2 SInv}
rPois   ∞            F - amulet "Lupusch" {Spirit rF+ Regen+ Str+2}
rElec   +            Y - ring "Hiphasom" {^Drain Will+ MP+9 Str+3}
rCorr   +            A - ring "Saluajaod" {^Contam rF+ rC+ rN+ Stlth+}
SInv    +            O - ring "Qyzxazel" {rElec rC+++ Will- rCorr Dex-3}
Will    ++++.        b - ring "Qiuxye" {Will+ Int+3 SInv}
Stlth   ++++++       i - ring of Ludaibi {Str+2 Int+6 Slay+3 Stlth+}
HPRegen 1.37/turn    m - ring "Geip" {+Blink rN++ Str+6 Dex+3 Stlth-}
MPRegen 0.31/turn    q - ring of Nisk {rPois rF+ rN+ Will+ Str+3}
                     h - ring of the Mage {Wiz Archmagi}

%: guardian spirit, wizardry (x1), archmagi
@: storm-form, flying, wreathed by umbra, studying 2 skills
A: cleaving, insubstantial, flying, almost no armour, amphibious, 8 rings,
(camouflage 1), (gelatinous body 1), (nimble swimmer 1), (tentacles),
(iridescent scales 1), (large bone plates 1), agile 1, clever 1, (poison
resistance)
0: Orb of Zot
}: 15/15 runes: decaying, serpentine, slimy, silver, golden, iron, obsidian,
icy, bone, abyssal, demonic, glowing, magical, fiery, dark
a: Blinkbolt, Begin Untransformation, Renounce Religion, Evoke Blink, Shadow
Step, Shadow Form


You escaped.
You worshipped Dithmenos.
Dithmenos was extremely pleased with you.
You were a lightning-filled tempest!
You visited 18 branches of the dungeon, and saw 86 of its levels.
You visited Pandemonium 3 times, and saw 15 of its levels.
You visited the Abyss 1 time.
You visited 2 ziggurats, and saw 28 of their levels (deepest: 16).
You also visited: Trove, Sewer, Bailey, Ice Cave and Wizlab.

You collected 58294 gold pieces.
You spent 14871 gold pieces at shops.
You paid 41254 gold pieces to Gozag.

Inventory:

Armour
 k - the +2 shield of Resistance (melded) {rF++ rC++ Will++}
   (You found it on level 7 of a ziggurat)

   rF++:      It greatly protects you from fire.
   rC++:      It greatly protects you from cold.
   Will++:    It greatly increases your willpower.
 Z - the +3 crown of Dyrovepreva (melded) {rElec Int+2 SInv}
   (You found it on level 11 of a ziggurat)

   Int+2:     It affects your intelligence (+2).
   rElec:     It insulates you from electricity.
   SInv:      It lets you see invisible.
Jewellery
 b - the ring "Qiuxye" (on tentacle) {Will+ Int+3 SInv}
   (You found it on level 3 of the Tomb of the Ancients)

   [ring of willpower]

   Int+3:     It affects your intelligence (+3).
   Will+:     It increases your willpower.
   SInv:      It lets you see invisible.
 h - the ring of the Mage (on tentacle) {Wiz Archmagi}
   (You took it off a balrug on level 7 of Gehenna)

   [ring of wizardry]

   Wiz:       It improves your spell success rate.
   Archmagi:  It increases the power of your magical spells.
 i - the ring of Ludaibi (on tentacle) {Str+2 Int+6 Slay+3 Stlth+}
   (You bought it in a shop on level 2 of the Depths)

   [ring of intelligence]

   Str+2:     It affects your strength (+2).
   Int+6:     It affects your intelligence (+6).
   Slay+3:    It affects your accuracy & damage with ranged weapons and melee
   (+3).
   Stlth+:    It makes you more stealthy.
 j - the ring "Touxoss" {rPois rCorr AC+4}
   (You found it on level 12 of a ziggurat)

   [ring of protection]

   AC+4:      It affects your AC (+4).
   rPois:     It protects you from poison.
   rCorr:     It protects you from acid and corrosion.
 m - the ring "Geip" (on tentacle) {+Blink rN++ Str+6 Dex+3 Stlth-}
   (You found it in a treasure trove)

   [ring of strength]

   Str+6:     It affects your strength (+6).
   Dex+3:     It affects your dexterity (+3).
   rN++:      It greatly protects you from negative energy.
   +Blink:    It lets you blink.
   Stlth-:    It makes you less stealthy.
 n - the ring of Bagi {rElec rPois Will+ Slay+2}
   (You bought it in a shop in the Ecumenical Temple)

   [ring of willpower]

   Slay+2:    It affects your accuracy & damage with ranged weapons and melee
   (+2).
   rElec:     It insulates you from electricity.
   rPois:     It protects you from poison.
   Will+:     It increases your willpower.
 q - the ring of Nisk (on tentacle) {rPois rF+ rN+ Will+ Str+3}
   (You bought it in a shop on level 4 of the Vaults)

   [ring of protection from fire]

   Str+3:     It affects your strength (+3).
   rF+:       It protects you from fire.
   rPois:     It protects you from poison.
   rN+:       It protects you from negative energy.
   Will+:     It increases your willpower.
 A - the ring "Saluajaod" (right tentacle) {^Contam rF+ rC+ rN+ Stlth+}
   (You bought it in a shop on level 2 of the Depths)

   [ring of positive energy]

   rF+:       It protects you from fire.
   rC+:       It protects you from cold.
   rN+:       It protects you from negative energy.
   ^Contam:   It causes magical contamination when unequipped.
   Stlth+:    It makes you more stealthy.
 F - the amulet "Lupusch" (around neck) {Spirit rF+ Regen+ Str+2}
   (You took it off an angel in Pandemonium)

   [amulet of guardian spirit]

   Spirit:    It causes incoming damage to be divided between your reserves of
   health and magic.
   Str+2:     It affects your strength (+2).
   rF+:       It protects you from fire.
   Regen+:    It increases your rate of health regeneration.
 I - the ring of Liberalism {rN+ AC+4 Str-3 Int+4 Slay+2}
   (You found it on level 15 of a ziggurat)

   [ring of protection]

   AC+4:      It affects your AC (+4).
   Str-3:     It affects your strength (-3).
   Int+4:     It affects your intelligence (+4).
   Slay+2:    It affects your accuracy & damage with ranged weapons and melee
   (+2).
   rN+:       It protects you from negative energy.
 J - the ring of Kimpaxt {rF++ rC+ AC+4}
   (You found it on level 15 of a ziggurat)

   [ring of protection]

   AC+4:      It affects your AC (+4).
   rF++:      It greatly protects you from fire.
   rC+:       It protects you from cold.
 O - the ring "Qyzxazel" (on tentacle) {rElec rC+++ Will- rCorr Dex-3}
   (You bought it in a shop in the Vestibule of Hell)

   [ring of resist corrosion]

   Dex-3:     It affects your dexterity (-3).
   rC+++:     It renders you almost immune to cold.
   rElec:     It insulates you from electricity.
   Will-:     It decreases your willpower.
   rCorr:     It protects you from acid and corrosion.
 Y - the ring "Hiphasom" (left tentacle) {^Drain Will+ MP+9 Str+3}
   (You found it on level 7 of a ziggurat)

   [ring of magical power]

   Str+3:     It affects your strength (+3).
   Will+:     It increases your willpower.
   MP+9:      It affects your magic capacity (+9).
   ^Drain:    It drains your maximum health when unequipped.
Talismans
 S - the storm talisman "Pavvuem" (active) {Str+2 Int+4}
   (You found it on level 2 of a ziggurat)

   [storm talisman]

   Str+2:     It affects your strength (+2).
   Int+4:     It affects your intelligence (+4).
 W - the death talisman of Defiance {rElec Str+3 Int-3 Dex+4}
   (You found it on level 2 of the Vaults)

   [talisman of death]

   Str+3:     It affects your strength (+3).
   Int-3:     It affects your intelligence (-3).
   Dex+4:     It affects your dexterity (+4).
   rElec:     It insulates you from electricity.
Wands
 C - a wand of warping (92)
 M - a wand of digging (47)
 R - a wand of paralysis (65)
 V - a wand of quicksilver (103)
Scrolls
 g - 19 scrolls of blinking
 o - 11 scrolls of revelation
 r - 3 scrolls of vulnerability
 s - 35 scrolls of teleportation
 u - 9 scrolls of fear
 x - 10 scrolls of immolation
 y - 10 scrolls of poison
 z - 17 scrolls of amnesia
 G - 11 scrolls of fog
 N - 8 scrolls of enchant armour
 Q - 7 scrolls of silence
 X - 5 scrolls of summoning
Potions
 a - 26 potions of heal wounds
 c - 7 potions of magic
 d - 7 potions of cancellation
 e - a potion of invisibility
 f - 14 potions of brilliance
 l - 14 potions of haste
 p - 9 potions of might
 t - 9 potions of resistance
 v - 6 potions of mutation
 w - 20 potions of enlightenment
 B - 46 potions of curing
 D - 6 potions of berserk rage
 P - 5 potions of ambrosia
 U - 2 potions of lignification
Miscellaneous
 E - a tin of tremorstones (2/2)
 H - a box of beasts
 K - a lightning rod (4/4)
 L - a phantom mirror
 T - a phial of floods


   Skills:
 O Level 27 Fighting
 O Level 27 Dodging
 - Level 21.6 Stealth
 - Level 16.4 Shields
 O Level 27 Unarmed Combat
 - Level 13.3 Spellcasting
 - Level 1.0 Conjurations
 - Level 3.9 Hexes
 - Level 6.1 Translocations
 - Level 20.1 Fire Magic
 - Level 5.8 Air Magic
 - Level 10.9 Alchemy
 * Level 21.1 Invocations
 - Level 22.1 Evocations
 O Level 27 Shapeshifting


You had 5 spell levels left.
You knew the following spells:

 Your Spells              Type           Power      Damage    Failure   Level
a - Vhi's Electric Charg  Tloc/Air       100%       N/A       1%          4
b - Blink                 Tloc           100%       N/A       1%          2
c - Olgreb's Toxic Radia  Alch           100%       N/A       1%          4
d - Ignite Poison         Fire/Alch      100%       N/A       1%          4
e - Mephitic Cloud        Conj/Alch/Air  80%        N/A       1%          3
f - Ignition              Fire           65%        3d17      1%          8
g - Eringya's Noxious Bo  Alch           51%        4d6       1%          6
h - Passage of Golubria   Tloc           81%        N/A       1%          4
q - Yara's Violent Unrav  Hex/Alch       44%        3d17      1%          5
s - Lesser Beckoning      Tloc           100%       N/A       1%          2
w - Manifold Assault      Tloc           81%        N/A       1%          4
x - Apportation           Tloc           100%       N/A       1%          1

Your spell library contained the following spells:

 Spells                   Type           Power      Damage    Failure   Level
 Foxfire                  Conj/Fire      100%       2x1d9     0%          1
 Volatile Blastmotes      Fire/Tloc      100%       2d18      0%          3
 Freeze                   Ice            100%       1d10      1%          1
 Kiss of Death            Conj/Necr      100%       2d13      1%          1
 Magic Dart               Conj           100%       1d8       1%          1
 Necrotise                Necr           100%       1d9       1%          1
 Sandblast                Erth           74%        2d16      1%          1
 Slow                     Hex            100%       N/A       1%          1
 Sting                    Conj/Alch      100%       1d9       1%          1
 Summon Small Mammal      Summ           100%       N/A       1%          1
 Call Imp                 Summ           74%        N/A       1%          2
 Cigotuvi's Dreadful Rot  Necr/Alch/Air  100%       N/A       1%          2
 Ensorcelled Hibernation  Hex/Ice        100%       N/A       1%          2
 Jinxbite                 Hex            100%       N/A       1%          2
 Mercury Vapours          Alch/Air       100%       N/A       1%          2
 Searing Ray              Conj           96%        2d7       1%          2
 Static Discharge         Conj/Air       100%       3-8/arc   1%          2
 Call Canine Familiar     Summ           37%        N/A       1%          3
 Confusing Touch          Hex            69%        N/A       1%          3
 Dazzling Flash           Conj/Hex       100%       N/A       1%          3
 Frozen Ramparts          Ice            74%        1d12      1%          3
 Fugue of the Fallen      Necr           37%        N/A       1%          3
 Gell's Gravitas          Tloc           81%        N/A       1%          3
 Hailstorm                Conj/Ice       42%        3d9       1%          3
 Inner Flame              Hex/Fire       100%       N/A       1%          3
 Ozocubu's Armour         Ice            37%        N/A       1%          3
 Passwall                 Erth           37%        N/A       1%          3
 Sigil of Binding         Hex            69%        N/A       1%          3
 Stone Arrow              Conj/Erth      84%        3d12      1%          3
 Summon Ice Beast         Ice/Summ       37%        N/A       1%          3
 Swiftness                Air            80%        N/A       1%          3
 Teleport Other           Tloc           81%        N/A       1%          3
 Tukima's Dance           Hex            69%        N/A       1%          3
 Vampiric Draining        Necr           37%        2d8       1%          3
 Airstrike                Air            40%        2d(6-22)  1%          4
 Cause Fear               Hex            34%        N/A       1%          4
 Dimensional Bullseye     Hex/Tloc       37%        N/A       1%          4
 Flame Wave               Conj/Fire      100%       2d21      1%          4
 Fulminant Prism          Conj/Alch      40%        3d19      1%          4
 Iskenderun's Mystic Bla  Conj/Tloc      67%        2d14      1%          4
 Leda's Liquefaction      Alch/Erth      39%        N/A       1%          4
 Petrify                  Alch/Erth      78%        N/A       1%          4
 Sticky Flame             Fire/Alch      100%       2d15      1%          4
 Summon Blazeheart Golem  Fire/Summ      99%        N/A       1%          4
 Summon Lightning Spire   Summ/Air       63%        N/A       1%          4
 Alistair's Intoxication  Alch           68%        N/A       1%          5
 Fireball                 Conj/Fire      50%        3d20      1%          5
 Irradiate                Conj/Alch      40%        3d25      1%          5
 Anguish                  Hex/Necr       28%        N/A       2%          4
 Silence                  Hex/Air        37%        N/A       2%          5
 Brom's Barrelling Bould  Conj/Erth      42%        2d6       4%          4
 Arcjolt                  Conj/Air       33%        1d43      4%          5
 Summon Forest            Summ/Tloc      31%        N/A       4%          5
 Animate Dead             Necr           37%        N/A       6%          4
 Dispel Undead            Necr           37%        3d15      6%          4
 Martyr's Knell           Necr/Summ      37%        N/A       6%          4
 Freezing Cloud           Conj/Ice/Air   29%        6-21      7%          5
 Metabolic Englaciation   Hex/Ice        28%        N/A       8%          5
 Summon Mana Viper        Hex/Summ       56%        N/A       8%          5
 Iskenderun's Battlesphe  Conj           48%        2d10      12%         5
 Borgnjor's Vile Clutch   Necr/Erth      18%        N/A       16%         5
 Curse of Agony           Necr           37%        N/A       16%         5
 Lee's Rapid Deconstruct  Erth           18%        3d11*     16%         5
 Plasma Beam              Fire/Air       55%        2x1d70    1%          6
 Starburst                Conj/Fire      50%        6d14      1%          6
 Dispersal                Tloc           40%        N/A       8%          6
 Sculpt Simulacrum        Ice/Alch       39%        N/A       10%         6
 Conjure Ball Lightning   Conj/Air       33%        3x3d11    22%         6
 Bombard                  Conj/Erth      21%        9d4       56%         6
 Death Channel            Necr           18%        N/A       65%         6
 Permafrost Eruption      Ice/Erth       18%        2x4d6     65%         6
 Enfeeble                 Hex            34%        N/A       67%         7
 Malign Gateway           Summ/Tloc      31%        N/A       78%         7
 Orb of Destruction       Conj           24%        9d9       96%         7
 Disjunction              Tloc           40%        N/A       96%         8
 Maxwell's Capacitive Co  Air            40%        ∞         97%         8
 Haunt                    Necr/Summ      18%        N/A       99%         7
 Ozocubu's Refrigeration  Ice            18%        4d11      99%         7
 Summon Hydra             Summ           18%        N/A       99%         7
 Borgnjor's Revivificati  Necr           18%        N/A       100%        8
 Discord                  Hex            34%        N/A       100%        8
 Infestation              Necr           18%        N/A       100%        8
 Lehudib's Crystal Spear  Conj/Erth      21%        10d6      100%        8
 Chain Lightning          Conj/Air       33%        3d44      100%        9
 Death's Door             Necr           18%        N/A       100%        9
 Dragon's Call            Summ           18%        N/A       100%        9
 Fire Storm               Conj/Fire      50%        8d13      100%        9
 Polar Vortex             Ice            18%        12d2*     100%        9
 Shatter                  Erth           18%        3d17*     100%        9
 Sublimation of Blood     Necr           Unusable   N/A       N/A         2

Dungeon Overview and Level Annotations

Branches:
Dungeon (15/15)            Temple (1/1) D:6            Lair (5/5) D:9
  Swamp (4/4) Lair:2        Snake (4/4) Lair:3        Slime (5/5) Lair:5
    Orc (2/2) D:12            Elf (3/3) Orc:2        Vaults (5/5) D:14
  Crypt (3/3) Vaults:3       Tomb (3/3) Crypt:3      Depths (4/4) D:15
   Hell (visited)             Dis (7/7) Hell            Geh (7/7) Hell
    Coc (7/7) Hell            Tar (7/7) Hell            Zot (5/5) Depths:4
  Sewer (visited)          Bailey (visited)           IceCv (visited)
 WizLab (visited)

Altars:
Ashenzari
Cheibriados
Dithmenos
Elyvilon
Fedhas
Gozag
Hepliaklqana
Kikubaaqudgha
Makhleb
Nemelex Xobeh
Okawaru
Qazlal
Ru
Sif Muna
Trog
Uskayaw
Vehumet
Wu Jian
Xom
Yredelemnul
Zin
The Shining One
Beogh

Shops:
D:1 *   D:2 :   D:7 *   D:13 =   D:14 [!   Temple *=   Orc:2 *:=   Elf:3 :?::=(
Lair:5 [   Swamp:2 =   Snake:2 ??   Snake:3 ?   Vaults:4 =   Crypt:1 *
Hell =*=   Depths:1 [??*:   Depths:2 =

Portals:
Hell: Depths:1 Depths:2 Depths:3 Depths:4
Abyss: Depths:3 Depths:4
Pandemonium: Depths:2

Annotations:
D:5 2 runed translucent doors
Snake:1 1 runed translucent door


Innate Abilities, Weirdness & Mutations

You are a lightning-filled tempest!
Your electrical attacks strike out in all directions at once.
You are incredibly evasive.
Your insubstantial body is immune to petrification, constriction, and being set on fire You are flying.
Your armour is entirely melded.
You are incapable of wielding weapons or throwing items.
You cannot wear most types of armour.
You are amphibious.
You can wear up to eight rings at the same time.
You are immune to poison.
((Your skin changes colour to match your surroundings (Stealth+).))
((Your rubbery body absorbs attacks. (AC +1, EV +1)))
((You are camouflaged when in or above water. (Stealth+)))
((You have tentacles for arms and can constrict up to eight enemies at once.))
((You are partially covered in iridescent scales. (AC +2)))
((You are partially covered in large bone plates. (SH +4)))
You are agile. (Dex +4, Str/Int -1)
Your mind is acute. (Int +4, Str/Dex -1)
((Your system is resistant to poisons. (rPois)))


Message History

You blast the large abomination!!!!
Lightning courses through the large abomination!
You destroy the large abomination!
Dithmenos accepts your kill.
Your Invocations skill increases to level 21!
You barely miss the large abomination. You punch the large abomination!!
The large abomination is heavily damaged.
The large abomination completely misses you.
You blast the large abomination!!!
You destroy the large abomination!
Dithmenos accepts your kill.
An Orb Guardian comes into view.
Gozag incites the Orb Guardian against you.
The Orb Guardian goes berserk!
The Orb Guardian barely misses you.
You barely miss the Orb Guardian. The Orb Guardian completely misses you.
You barely miss the Orb Guardian. Your shadow hits the Orb Guardian!
The Orb Guardian completely misses you.
You blast the Orb Guardian!!!!
You punch the Orb Guardian.
You kill the Orb Guardian!
Dithmenos accepts your kill.
HP restored.
You see here a stone.
An Orb Guardian comes into view.
Gozag incites the Orb Guardian against you.
The Orb Guardian goes berserk!
There is a staircase leading out of the dungeon here.
You buffet the Orb Guardian!
Your punch misses the Orb Guardian.
The Orb Guardian is lightly wounded.
You buffet the plant!
The plant begins to die.
Lightning courses through the plant! You hit the toadstool.
The Orb Guardian barely misses you.
You blast the Orb Guardian!!!!!
You kill the Orb Guardian!
Dithmenos accepts your kill.
You blast the toadstool!!!
You destroy the toadstool!
You blast the plant!!!
There is a staircase leading out of the dungeon here.
You have escaped!

############ #.###.# ##
#..........#####.# #.# #.
#.###............# #.######.
#.# #.####..###..# #........
#.# #.# ###.###..# ########.
#####.###.###~#.#~##.## #.
#.......#.##~P~.~P~##.## ##
#.#####...#~PßP..ßP~##.#####
##.# #...##~P.v.P~####....#
##.# #...##~P...♣~###.###.#
...# #...#~PßP.♣ß♣~#.## #.#
...#####...##~P.(.♣~##.# #.#
##..........##~#.#~###.##
#.#
#####..#.....###.###....#
#.# # #..##.#.###..#####..#
#.#
#####..##.#.............#
#.#
.......##.#####....####.#
#.#


There were no monsters in sight!

Vanquished Creatures
  Cerebov (Pan)
  Antaeus (Coc:7)
  Asmodeus (Geh:7)
  the Royal Jelly (Slime:5)
  Mnoleg (Pan)
  Ereshkigal (Tar:7)
  Gloorx Vloq (Pan)
  Ignacio (Pan)
  the Serpent of Hell (Coc:7)
  Lom Lobon (Pan)
  A seraph (Pan)
  Dissolution (Slime:2)
  Dispater (Dis:7)
  4 dread liches
  5 ancient liches
  The ghost of docpaisley the Evocator, a legendary GnWn of Gozag (Zig:10)
  The ghost of Fiolioss the Hoplite, a master OnFi of Okawaru (Zot:1)
  12 orbs of fire
  Mennas (Depths:3)
  Xtahua (Vaults:2)
  5 juggernauts
  40 royal mummies
  The ghost of Leown the Sniper, a legendary KoDe of Makhleb (Zot:1)
  The ghost of Xieb Yco the Sorcerer, a veteran DjFE of Hepliaklqana (Depths:4)
  Sojobo (Crypt:3)
  7 Killer Klowns
  Bai Suzhen (Snake:3)
  The ghost of Skimidon the Slayer, a veteran DgFi (Zig:10)
  11 shard shrikes
  Vashnia (Snake:3)
  Saint Roka (Orc:2)
  22 caustic shrikes
  Geryon (Hell)
  A curse toe (Zot:5)
  11 golden dragons
  Nikola (Swamp:3)
  2 pearl dragons (Pan)
  24 profane servitors
  Norris (Elf:2)
  12 bone dragons
  11 Tzitzimimeh
  12 iron giants
  10 Brimstone Fiends
  6 doom hounds
  4 electric golems
  12 Ice Fiends
  A spectral shard shrike (Tar:7)
  9 hellephants
  21 tainted leviathans
  Mlioglotl (Snake:3)
  Jorgrun (Orc:1)
  Rupert (D:15)
  19 Hell Sentinels
  10 liches
  32 Orb Guardians
  19 tentacled monstrosities
  19 titans
  21 searing wretches
  A walking divine tome (Depths:3)
  4 quicksilver dragons
  11 pandemonium lords
  6 deep elf master archers
  38 ancient champions
  A sphinx (shapeshifter) (Zig:13)
  4 deep elf blademasters
  27 Executioners
  11 death cobs
  10 sphinxes
  19 acid blobs
  2 eldritch tentacles (WizLab)
  A thorn hunter (Zig:6)
  11 shadow dragons
  7 storm dragons
  13 tengu reavers
  Aizul (Snake:4)
  A shadow dragon (shapeshifter) (Zig:13)
  Agnes (Snake:3)
  A storm dragon (shapeshifter) (WizLab)
  7 revenants
  7 draconian monks
  The ghost of Ciar the Earth Mage, an adept GrCj of Vehumet (Snake:3)
  19 protean progenitors
  8 demonspawn warmongers
  31 azure jellies
  Donald (Vaults:4)
  10 rockslimes
  15 fire giants
  A fenstrider witch (shapeshifter) (Zig:16)
  9 nagarajas
  26 narguns
  14 quicksilver elementals
  15 frost giants
  10 draconian scorchers
  20 daevas
  5 draconian shifters
  5 iron dragons
  10 deep elf sorcerers
  27 vault wardens
  A caustic shrike zombie (Crypt:2)
  6 draconian knights
  2 spectral caustic shrikes
  4 ghost moths
  12 shard shrike simulacra
  3 spriggan defenders
  39 balrugs
  A ghost moth (shapeshifter) (Zig:13)
  5 deep elf elementalists
  6 curse skulls
  7 demonspawn corrupters
  12 draconian annihilators
  13 ghouls
  25 reapers
  5 orc warlords
  24 angels
  15 cacodemons
  3 draconian stormcallers
  18 ophanim
  5 broodmothers
  25 quicksilver oozes
  3 juggernaut skeletons
  24 ironbound preservers
  A demonspawn black sun (Zig:10)
  5 formless jellyfish
  22 stone giants
  2 demonspawn blood saints (Pan)
  8 green draconians
  3 caustic shrike skeletons
  10 vampire knights
  28 elemental wellsprings
  13 ironbound thunderhulks
  30 apis (Pan)
  8 very ugly things
  8 deep elf death magi
  2 spectral titans
  6 deep elf demonologists
  5 eleionomae
  22 war gargoyles
  20 putrid mouths
  4 lorocyprocas
  12 black draconians
  A minotaur (Zig:8)
  6 bennus
  13 red draconians
  6 yellow draconians
  11 dire elephants
  21 wendigos
  Azrael (D:13)
  19 white draconians
  6 purple draconians
  9 deep elf annihilators
  3 spark wasps
  21 iron golems
  Josephine (Lair:3)
  6 bunyips
  14 eidola
  13 blizzard demons
  34 mummy priests
  A shambling mangrove (Swamp:1)
  7 entropy weavers
  6 fire dragons
  9 deep elf high priests
  14 ettins
  4 crystal guardians
  2 green deaths (Pan)
  3 jiangshi (Crypt:2)
  13 yaktaur captains
  3 merfolk impalers
  4 merfolk javelineers
  4 spriggan zombies
  17 great orbs of eyes
  4 spectral spriggans
  Erolcha (Orc:1)
  41 vault guards
  12 ironbound frosthearts
  8 ice dragons
  9 alligators
  A fenstrider witch zombie (Crypt:3)
  3 ogre magi
  Harold (D:11)
  23 salamander tyrants
  4 ghost crabs
  3 catoblepae
  A hell beast (Pan)
  13 rakshasas
  A peacekeeper (Vaults:4)
  19 anacondas
  A jorogumo (Pan)
  6 juggernaut simulacra
  5 death knights
  Erica (Orc:1)
  A spectral stone giant (Tar:2)
  23 hydras
  9 caustic shrike simulacra
  25 centaur warriors
  5 merfolk aquamancers
  6 stokers
  8 satyrs
  3 spriggan air magi
  2 alligator snapping turtles (shapeshifter)
  6 boulder beetles
  10 two-headed ogres
  57 dancing weapons
  A two-headed ogre (shapeshifter) (Zig:16)
  86 death scarabs
  31 hell hogs
  16 death yaks (Lair:5)
  6 deep troll shamans
  A demonic crawler (Pan)
  11 tengu warriors
  9 deep troll earth magi
  5 orc high priests
  11 naga sharpshooters
  4 vampire magi
  An occultist (Depths:2)
  A titan zombie (Crypt:3)
  6 shock serpents
  2 spectral dire elephants (Tar:3)
  A sphinx skeleton (Crypt:2)
  17 naga warriors
  3 thrashing horrors
  9 spriggans
  4 spriggan berserkers
  12 crystal echidnas
  33 sun demons
  Sonja (D:13)
  4 hellephant skeletons (Pan)
  An emperor scorpion zombie (WizLab)
  6 skysharks
  21 deep elf knights
  21 soul eaters
  2 storm dragon zombies
  19 hell knights
  2 skysharks (shapeshifter) (Vaults:5)
  2 fire crabs (Zig:15)
  5 salamander mystics
  14 shadow wraiths
  22 cherubim
  6 iron trolls
  26 skeletal warriors
  Nergalle (Lair:2)
  A storm dragon skeleton (Zig:5)
  61 deep trolls
  2 golden dragon zombies
  2 anaconda zombies (Crypt:2)
  An iron giant zombie (Tomb:3)
  15 sixfirhies
  5 death drakes
  4 goliath frogs
  A spectral anaconda (Tar:2)
  5 naga ritualists
  15 sun moths (Pan)
  5 arcanists
  5 quicksilver dragon simulacra
  3 glowing orange brains
  4 sea snakes
  8 shadow demons (Pan)
  7 mana vipers
  16 swamp dragons
  5 bog bodies
  2 deep trolls (shapeshifter)
  9 flayed ghosts
  3 shadow dragon zombies (Tar:3)
  3 spatial maelstroms
  15 ironbound convokers
  3 orange crystal statues
  4 spriggan simulacra
  5 obsidian statues
  17 lindwurms
  An orb spider (shapeshifter) (Vaults:5)
  An orb spider (WizLab)
  2 spectral hydras
  4 spriggan druids
  A bunyip skeleton (Tomb:2)
  11 necromancers
  8 orc knights
  32 phantasmal warriors
  An anaconda skeleton (Tomb:2)
  A wolf spider (shapeshifter) (Vaults:5)
  6 lightning spires (Abyss:4)
  4 harpies (Vaults:1)
  6 thermic dynamos
  11 deep elf archers
  A lindwurm (shapeshifter) (Zig:13)
  A fenstrider witch simulacrum (Coc:1)
  30 large abominations
  21 deep elf zephyrmancers
  49 ugly things
  41 deep elf pyromancers
  4 orc sorcerers (Orc:2)
  2 wolf spiders (Crypt:3)
  2 golden dragon skeletons (Zig:14)
  A spectral centaur (Tar:2)
  10 cyclopes
  A cyclops (shapeshifter) (Zig:8)
  7 will-o-the-wisps
  A faun (Zig:11)
  4 shining eyes
  A glowing shapeshifter (Vaults:5)
  A frost giant zombie (Zig:3)
  13 manticores
  19 salamanders
  A faun (shapeshifter) (Zig:16)
  26 moths of wrath
  A dire elephant zombie (Crypt:3)
  2 stone giant skeletons
  A meliai (D:14)
  14 naga magi
  43 black mambas
  13 kobold blastminers
  A merfolk siren (Zig:12)
  3 rust devils
  2 torpor snails (shapeshifter)
  8 eyes of devastation
  7 ice statues
  A shock serpent zombie (Crypt:1)
  10 apocalypse crabs
  10 guardian serpents
  26 vault sentinels
  3 centaur zombies (Crypt:3)
  8 elephants
  A water nymph (shapeshifter) (WizLab)
  4 water nymphs
  8 molten gargoyles (Geh:7)
  3 gargoyles
  A minotaur zombie (Crypt:2)
  6 torpor snails (Lair:5)
  An alligator snapping turtle zombie (Crypt:3)
  A cane toad (shapeshifter) (D:13)
  9 spectral swamp worms (Tar:7)
  7 titan simulacra
  An eye of devastation (shapeshifter) (Depths:4)
  14 orange demons
  11 smoke demons
  5 storm dragon simulacra (IceCv)
  10 cane toads
  A naga skeleton (Tomb:2)
  Jeremiah (D:7)
  28 hellions
  3 rime drakes
  2 unseen horrors
  2 human zombies
  A white draconian zombie (Crypt:1)
  A yaktaur (shapeshifter) (Zig:9)
  27 yaktaurs
  15 efreet
  4 anaconda simulacra
  A kobold demonologist (D:14)
  25 freezing wraiths
  4 komodo dragons
  A yaktaur skeleton (Vaults:4)
  An ice devil (Hell)
  13 tormentors
  A spectral naga (Tar:1)
  A bunyip simulacrum (Coc:2)
  A silent spectre (Tar:1)
  3 tengu conjurers
  7 spectral harpies
  A catoblepas skeleton (Crypt:1)
  64 guardian mummies
  3 iron giant simulacra
  4 golden dragon simulacra
  13 trolls
  A great orb of eyes zombie (Crypt:1)
  3 harpy zombies (Crypt:3)
  An unseen horror skeleton (Crypt:2)
  5 red devils
  3 merfolk (Zig:12)
  A harpy skeleton (Crypt:2)
  A polar bear (shapeshifter) (D:15)
  16 hornets
  23 blink frogs
  An iron dragon simulacrum (Coc:7)
  12 hellwings
  A polar bear (Lair:5)
  15 tyrant leeches
  2 glass eyes (Pan)
  10 raiju
  2 stone giant simulacra
  5 wind drakes
  2 snapping turtles
  8 water elementals
  A human skeleton (Vaults:2)
  A spectral black mamba (Tar:2)
  11 jumping spiders
  2 vampires
  17 ynoxinuls
  Sigmund (D:5)
  100 slime creatures
  2 ettin zombies (Crypt:3)
  A culicivora (shapeshifter) (WizLab)
  A human simulacrum (Vaults:4)
  6 dire elephant simulacra
  4 air elementals
  2 small abominations
  A shadow (D:5)
  28 ushabtiu
  18 wraiths
  68 yaks
  4 alligator snapping turtle simulacra
  2 wargs (Orc:2)
  A tarantella (shapeshifter) (Vaults:5)
  5 fire elementals
  12 redbacks
  7 golden eyes
  22 neqoxecs
  8 wyverns
  4 basilisks
  11 chaos spawn
  12 vampire mosquitoes
  A swamp worm (shapeshifter) (Vaults:4)
  Edmund (D:5)
  33 nagas
  15 harpy simulacra
  A spatial vortex (Abyss:3)
  13 swamp worms
  Menkaure (D:7)
  3 hydra simulacra
  10 hell hounds
  An acid dragon (D:10)
  2 naga zombies
  17 water moccasins
  9 ice beasts
  2 black bears
  14 swamp drakes
  2 sky beasts (D:6)
  10 ettin simulacra
  9 laughing skulls
  5 ice dragon simulacra (IceCv)
  51 orc warriors
  A swamp dragon zombie (Crypt:2)
  A tengu (shapeshifter) (Elf:3)
  15 ogres
  22 wolves
  2 centaurs
  A phantom (D:6)
  2 kobold brigands
  A weeping skull (Abyss:4)
  19 bullfrogs
  2 gnoll sergeants
  An earth elemental (Elf:2)
  3 scorpions
  4 naga simulacra
  A salamander skeleton (Crypt:1)
  2 water moccasin zombies
  19 wights
  10 wyvern skeletons (Crypt:3)
  5 killer bees (D:9)
  8 lindwurm simulacra (IceCv)
  3 howler monkeys
  23 orc priests
  A bombardier beetle (D:7)
  2 hounds
  A gnoll bouda (D:6)
  3 sleepcaps
  3 iguanas
  9 hell rats
  14 orc wizards
  A boggart skeleton (Crypt:2)
  A deep dwarf zombie (Crypt:2)
  A boggart simulacrum (D:14)
  76 mummies
  14 gnolls
  6 adders
  3 river rats (Sewer)
  A shadow imp (D:7)
  A swamp drake skeleton (Crypt:2)
  2 dart slugs
  2 ribbon worms
  115 orcs
  5 ball pythons
  A bat skeleton (Crypt:2)
  6 endoplasms
  6 giant cockroaches
  11 goblins
  3 hobgoblins
  14 jackals
  17 kobolds
  7 quokkas
  5 bats
  An endoplasm zombie (Crypt:2)
  3 frilled lizards (D:2)
  7 rats
  16 aspiring fleshes
  2 butterflies (Zig:12)
  6 creeping infernos
  13 fire vortices
4479 creatures vanquished.

Vanquished Creatures (collateral kills)
  the Lernaean hydra (Swamp:4)
  A skyshark (Elf:2)
  A yak (D:12)
  A warg (Orc:2)
  An ogre (D:12)
  5 orc warriors
  A wolf (D:9)
  2 killer bees (D:9)
  3 orc priests
  A gnoll (D:9)
  15 orcs
32 creatures vanquished.

Vanquished Creatures (others)
  An eldritch tentacle (Pan)
  An ancient champion (Dis:7)
  A ghost moth (Zot:2)
  A cacodemon (D:1)
  A shard shrike simulacrum (Coc:4)
  An elemental wellspring (Coc:5)
  An eidolon (Zig:10)
  2 caustic shrike simulacra
  2 juggernaut simulacra
  A naga sharpshooter (Zig:11)
  A glowing orange brain (Pan)
  3 spriggan simulacra
  2 orc sorcerers (Orc:2)
  A faun (Zig:11)
  A manticore (D:14)
  A kobold blastminer (Orc:1)
  2 titan simulacra
  A smoke demon (Pan)
  A golden dragon simulacrum (Coc:5)
  An anaconda simulacrum (Coc:7)
  A troll (Orc:1)
  A bloated husk (Swamp:1)
  A slime creature (D:14)
  A naga simulacrum (Coc:6)
  A yak (D:9)
  A golden eye (Abyss:4)
  2 wargs (Orc:2)
  2 harpy simulacra
  4 swamp worms
  3 orc warriors
  2 ettin simulacra
  A wolf (Lair:1)
  2 orc wizards (Orc:2)
  2 gnolls
  A kobold (Bailey)
  3 ball lightnings (Zig:10)
  A creeping inferno (Geh:3)
  26 foxfires
81 creatures vanquished.

Grand Total: 4592 creatures vanquished

Notes
Turn   | Place    | Note
-------+----------+-------------------------------------------
     0 | D:1      | Mousus6 the Octopode Alchemist began the quest for the Orb.
     0 | D:1      | Reached XP level 1. HP: 11/11 MP: 3/3
   371 | D:1      | Reached XP level 2. HP: 18/18 MP: 3/5
   541 | D:1      | Found Bymiwut's General Store.
   870 | D:2      | Reached skill level 1 in Fighting
   877 | D:2      | Reached XP level 3. HP: 20/23 MP: 1/6
   993 | D:2      | Found Boacai's Book Emporium.
  1475 | D:3      | Reached XP level 4. HP: 28/28 MP: 7/7
  1490 | D:3      | Found an ancient bone altar of Kikubaaqudgha.
  1786 | D:3      | Found a glowing drain.
  1793 | Sewer    | Entered a sewer
  1800 | Sewer    | Reached XP level 5. HP: 34/34 MP: 7/9
  1821 | Sewer    | Learned a level 4 spell: Olgreb's Toxic Radiance
  1826 | Sewer    | Reached skill level 1 in Shapeshifting
  1877 | Sewer    | Reached skill level 5 in Alchemy
  2627 | D:4      | Learned a level 3 spell: Mephitic Cloud
  2647 | D:4      | Reached XP level 6. HP: 29/40 MP: 2/10
  3553 | D:5      | Entered Level 5 of the Dungeon
  3601 | D:5      | Reached XP level 7. HP: 45/45 MP: 12/12
  3729 | D:5      | Noticed Sigmund
  3743 | D:5      | Killed Sigmund
  3816 | D:5      | Found a large runed translucent door.
  3817 | D:5      | Found a large runed translucent door.
  3818 | D:5      | Noticed a vampire mosquito
  3818 | D:5      | Noticed a shadow
  3823 | D:5      | Found a large runed translucent door.
  3823 | D:5      | Found a large runed translucent door.
  4136 | D:5      | Noticed Edmund
  4436 | D:5      | Reached XP level 8. HP: 54/54 MP: 8/14
  5105 | D:6      | Found a staircase to the Ecumenical Temple.
  5114 | Temple   | Entered the Ecumenical Temple
  5133 | Temple   | Became a worshipper of Gozag Ym Sagoz the Greedy
  5554 | D:6      | Learned a level 4 spell: Sticky Flame
  5686 | D:6      | Reached skill level 5 in Spellcasting
  5686 | D:6      | Reached XP level 9. HP: 9/60 MP: 13/16
  6108 | D:6      | Found a broken altar of Ashenzari.
  6383 | D:6      | Reached skill level 5 in Fighting
  6768 | D:7      | Noticed Menkaure
  6953 | D:7      | Found Mown's Gadget Gallery.
  6963 | D:7      | Noticed Jeremiah
  6976 | D:7      | Killed Jeremiah
  7345 | D:7      | Killed Menkaure
  7627 | D:7      | Noticed a two-headed ogre
  7641 | D:7      | Killed a two-headed ogre
  7642 | D:7      | Reached skill level 10 in Alchemy
  7642 | D:7      | Reached skill level 5 in Shapeshifting
  8336 | D:8      | Reached skill level 1 in Unarmed Combat
  8364 | D:8      | Reached XP level 10. HP: 60/68 MP: 13/18
  8403 | D:8      | Found a flagged portal.
  8417 | Bailey   | Entered a bailey
  9604 | D:7      | Bought a lightning rod (4/4) for 560 gold pieces
  9604 | D:7      | Bought a phantom mirror for 560 gold pieces
  9920 | D:9      | Reached skill level 5 in Unarmed Combat
 10361 | D:9      | Found a staircase to the Lair.
 10374 | D:9      | Reached XP level 11. HP: 63/75 MP: 14/19
 11187 | D:9      | Learned a level 5 spell: Yara's Violent Unravelling
 11198 | D:10     | Entered Level 10 of the Dungeon
 11810 | D:10     | Reached skill level 1 in Hexes
 12256 | D:11     | Noticed a cyclops
 12264 | D:11     | Killed a cyclops
 12363 | D:11     | Noticed a two-headed ogre
 12376 | D:11     | Noticed a two-headed ogre
 12387 | D:11     | Killed a two-headed ogre
 12432 | D:11     | Killed a two-headed ogre
 12482 | D:11     | Found a broken altar of Ashenzari.
 12508 | D:11     | Noticed Harold
 12518 | D:11     | Killed Harold
 12796 | D:11     | Identified the +0 pair of boots "Udelood" {+Inv rElec Str+4
                  | Dex-5}
 13412 | D:12     | Noticed a deep elf pyromancer
 13421 | D:12     | Killed a deep elf pyromancer
 13675 | D:12     | Reached XP level 12. HP: 52/84 MP: 17/20
 14377 | D:1      | Bought a potion of haste for 120 gold pieces
 14377 | D:1      | Bought a book of Minor Magic for 192 gold pieces
 14380 | D:1      | Learned a level 2 spell: Blink
 14651 | D:12     | Found a staircase to the Orcish Mines.
 14664 | Orc:1    | Entered Level 1 of the Orcish Mines
 14664 | Orc:1    | Noticed Erica
 14668 | Orc:1    | Noticed an orc warlord
 14672 | Orc:1    | Noticed an orc high priest
 14684 | Orc:1    | Killed Erica
 14685 | Orc:1    | Reached skill level 5 in Dodging
 14690 | Orc:1    | Killed an orc warlord
 14722 | Orc:1    | Killed an orc high priest
 14887 | Orc:1    | Noticed a two-headed ogre
 14897 | Orc:1    | Noticed Erolcha
 15064 | Orc:1    | Killed Erolcha
 15113 | Orc:1    | Killed a two-headed ogre
 15114 | Orc:1    | Reached skill level 10 in Unarmed Combat
 15115 | Orc:1    | Noticed Jorgrun
 15144 | Orc:1    | Killed Jorgrun
 15669 | Orc:2    | Entered Level 2 of the Orcish Mines
 15671 | Orc:2    | Noticed a two-headed ogre
 15680 | Orc:2    | Killed a two-headed ogre
 15701 | Orc:2    | Reached XP level 13. HP: 6/92 MP: 21/21
 16295 | Orc:2    | Found Jeleb's General Store.
 16310 | Orc:2    | Bought an Everburning Encyclopedia for 494 gold pieces
 16315 | Orc:2    | Learned a level 4 spell: Ignite Poison
 16324 | Orc:2    | Found Xovui's Book Emporium.
 16330 | Orc:2    | Reached skill level 10 in Fighting
 16363 | Orc:2    | Noticed Saint Roka
 16421 | Orc:2    | Killed Saint Roka
 17047 | Orc:2    | Noticed an orc warlord
 17060 | Orc:2    | Killed an orc warlord
 17382 | Orc:2    | Found a staircase to the Elven Halls.
 17814 | Orc:2    | Noticed an orc warlord
 17828 | Orc:2    | Killed an orc warlord
 17837 | Orc:2    | Reached skill level 1 in Evocations
 18038 | Orc:2    | Found Ujaunumn's Distillery.
 18090 | Orc:2    | Found a roughly hewn altar of Beogh.
 18122 | Orc:2    | Reached XP level 14. HP: 99/99 MP: 20/22
 18179 | Orc:2    | Found Kavvaull's Jewellery Shop.
 18231 | Orc:2    | Bought the ring of Keluloec {rPois rC+ Int+6} for 758 gold
                  | pieces
 18611 | Orc:2    | Found a roughly hewn altar of Beogh.
 18679 | Orc:2    | Reached skill level 10 in Shapeshifting
 18887 | Orc:2    | Bought a maw talisman for 420 gold pieces
 19058 | Lair:1   | Entered Level 1 of the Lair of Beasts
 20527 | Lair:2   | Found a staircase to the Swamp.
 20649 | Lair:2   | Noticed Nergalle
 20654 | Lair:2   | Killed Nergalle
 21101 | Lair:3   | Noticed Josephine
 21129 | Lair:3   | Killed Josephine
 21188 | Lair:5   | Entered Level 5 of the Lair of Beasts
 21386 | Lair:5   | Noticed a dire elephant
 21390 | Lair:5   | Reached skill level 5 in Evocations
 21393 | Lair:5   | Reached XP level 15. HP: 82/108 MP: 8/23
 21409 | Lair:5   | Got Kikubaaqudgha's Lectures on Diablerie
 21745 | Lair:5   | Found a staircase to the Slime Pits.
 21771 | Lair:5   | Reached skill level 10 in Dodging
 21864 | Lair:5   | Reached skill level 15 in Unarmed Combat
 21967 | Lair:5   | Got an earthy gem with 872 turns to spare
 23177 | D:13     | Noticed Sonja
 23180 | D:13     | Killed Sonja
 23391 | D:13     | Found a radiant altar of Vehumet.
 23406 | D:13     | Noticed Azrael
 23615 | D:13     | Killed Azrael
 23616 | D:13     | Reached XP level 16. HP: 78/116 MP: 25/25
 24399 | Orc:2    | Bought 2 potions of curing for 96 gold pieces
 24399 | Orc:2    | Bought a potion of curing for 48 gold pieces
 24399 | Orc:2    | Bought a potion of degeneration for 16 gold pieces
 24399 | Orc:2    | Bought a potion of curing for 48 gold pieces
 24399 | Orc:2    | Bought a potion of might for 64 gold pieces
 24399 | Orc:2    | Bought a potion of heal wounds for 80 gold pieces
 24663 | D:13     | Bought the ring of Cowardice {rElec rPois rF+ rC- rN+} for
                  | 444 gold pieces
 24875 | D:14     | Found a white marble altar of Elyvilon.
 26428 | D:14     | Learned a level 6 spell: Eringya's Noxious Bog
 27414 | D:14     | Found a gate to the Vaults.
 27635 | D:15     | Entered Level 15 of the Dungeon
 28590 | D:15     | Noticed Rupert
 28840 | D:15     | Found a staircase to the Depths.
 29294 | D:5      | Killed Edmund
 29909 | Lair:3   | Reached XP level 17. HP: 123/123 MP: 28/28
 30017 | Lair:3   | Found a staircase to the Snake Pit.
 31302 | Snake:1  | Entered Level 1 of the Snake Pit
 31691 | Snake:1  | Reached skill level 1 in Translocations
 31691 | Snake:1  | Reached skill level 1 in Air Magic
 31932 | Snake:1  | Identified the +0 falchion "Moximyun" {freeze, *Rage rPois
                  | Dex+7}
 32521 | Snake:1  | Found a runed translucent door.
 32524 | Snake:1  | Identified the +3 flail of Ebetant {protect, rElec Dex+4
                  | Stlth-}
 33210 | Snake:2  | Learned a level 4 spell: Vhi's Electric Charge
 34497 | Snake:2  | Bought a potion of heal wounds for 80 gold pieces
 34497 | Snake:2  | Bought 2 potions of curing for 96 gold pieces
 34497 | Snake:2  | Bought a potion of cancellation for 128 gold pieces
 34497 | Snake:2  | Bought a potion of brilliance for 64 gold pieces
 34497 | Snake:2  | Bought a potion of curing for 48 gold pieces
 34497 | Snake:2  | Bought 2 potions of might for 128 gold pieces
 34499 | Snake:2  | Bought a scroll of vulnerability for 76 gold pieces
 34499 | Snake:2  | Bought a scroll of blinking for 142 gold pieces
 35133 | Snake:2  | Bought a scroll of blinking for 120 gold pieces
 35133 | Snake:2  | Bought a scroll of acquirement for 832 gold pieces
 35133 | Snake:2  | Bought a scroll of teleportation for 48 gold pieces
 35133 | Snake:2  | Acquired the +2 hat of Ovexzour {Harm ^Drain rF- rCorr}
 35395 | Snake:3  | Found a runed translucent door.
 35397 | Snake:3  | Noticed Ciar's ghost (adept GrCj)
 35428 | Snake:3  | Noticed Mlioglotl
 35432 | Snake:3  | Noticed a bone dragon
 35724 | Snake:3  | Found a transporter.
 35729 | Snake:3  | Found Xawusm's Magic Scroll Emporium.
 35731 | Snake:3  | Found a transporter.
 35903 | Snake:3  | Noticed Vashnia
 36105 | Snake:3  | Killed Mlioglotl
 36110 | Snake:3  | Noticed Bai Suzhen
 36110 | Snake:3  | Noticed Agnes
 36114 | Snake:4  | Entered Level 4 of the Snake Pit
 36399 | Snake:4  | Reached XP level 18. HP: 111/131 MP: 30/30
 36586 | Snake:4  | Identified the serpent talisman "Seuqurosm" {Int+2}
 36586 | Snake:4  | Noticed Aizul
 36597 | Snake:4  | Killed Aizul
 36752 | Snake:4  | Reached skill level 5 in Stealth
 38500 | Snake:4  | Found an iron altar of Okawaru.
 38529 | Snake:4  | Got a serpentine rune of Zot
 38827 | Snake:3  | Killed Bai Suzhen
 39085 | Snake:3  | Killed Vashnia
 39542 | Snake:3  | Killed Ciar's ghost
 39852 | Snake:3  | Found a transporter.
 39854 | Snake:3  | Found Xawusm's Magic Scroll Emporium.
 39877 | Snake:3  | Killed Agnes
 39988 | Swamp:1  | Entered Level 1 of the Swamp
 40153 | Swamp:1  | Reached skill level 5 in Air Magic
 40159 | Swamp:1  | Reached skill level 5 in Translocations
 41054 | Swamp:2  | Reached XP level 19. HP: 124/137 MP: 31/31
 41071 | Swamp:2  | Found a glacial archway.
 41078 | IceCv    | Entered an ice cave
 41194 | IceCv    | Learned a level 2 spell: Lesser Beckoning
 41888 | IceCv    | Identified the ring "Ivifod Voho" {Wiz Slay+2 Stlth+}
 42991 | Swamp:2  | Bought the amulet "Xeyvuof" {Acrobat rElec rC+} for 663
                  | gold pieces
 43146 | Swamp:3  | Noticed Nikola
 43161 | Swamp:3  | Killed Nikola
 43370 | Swamp:3  | Identified the +2 scale mail of Oriudd {Harm Int+3}
 43423 | Swamp:3  | Noticed a tentacled monstrosity
 43434 | Swamp:3  | Killed a tentacled monstrosity
 44021 | Swamp:4  | Entered Level 4 of the Swamp
 44242 | Swamp:4  | Reached skill level 15 in Shapeshifting
 44962 | Swamp:4  | Noticed the 27-headed Lernaean hydra
 44966 | Swamp:4  | Killed the 27-headed Lernaean hydra
 45104 | Swamp:4  | Got a decaying rune of Zot
 45523 | Elf:1    | Entered Level 1 of the Elven Halls
 46035 | Elf:1    | Reached XP level 20. HP: 144/144 MP: 33/33
 46781 | Elf:2    | Noticed Norris
 46816 | Elf:2    | Killed Norris
 47306 | Elf:2    | Found the +6 arbalest "Damnation" {damnation}
 47661 | Elf:2    | Found a runed translucent gate.
 47661 | Elf:2    | Found a runed translucent gate.
 47661 | Elf:2    | Found a runed translucent gate.
 49044 | Elf:3    | Entered Level 3 of the Elven Halls
 49168 | Elf:3    | Found Yntyumuo's Book Shoppe.
 49169 | Elf:3    | Found Qogriaf's Jewellery Shop.
 49170 | Elf:3    | Found Ibim's Book Shoppe.
 49211 | Elf:3    | Found Xethreagu's Weapon Shop.
 49239 | Elf:3    | Reached skill level 15 in Fighting
 49960 | Elf:3    | Identified the +10 battleaxe of the Skies Above {flame,
                  | ^Contam rN+ rCorr Dex+2}
 50183 | Elf:3    | Reached XP level 21. HP: 151/151 MP: 31/34
 50197 | Elf:3    | Identified the +1 robe of Vanity {-Tele rF++ rN+ Archmagi}
 50199 | Elf:3    | Identified the +6 morningstar of Calculation {flame, rElec
                  | rF+ rC- rN+++}
 51040 | Elf:3    | Got the Encyclopedia of Hylic Enchantment
 51062 | Elf:3    | Identified the staff of Cocytus {Will+ Air Earth}
 51065 | Elf:3    | Got the Folio of Contaminated Misfortune
 51066 | Elf:3    | Identified the staff "Murmur" {*Corrode Int+5 Earth}
 51073 | Elf:3    | Identified the +7 chain mail of Omission {rN+}
 51137 | Elf:3    | Bought a scroll of acquirement for 988 gold pieces
 51137 | Elf:3    | Bought a scroll of teleportation for 57 gold pieces
 51137 | Elf:3    | Bought a scroll of summoning for 180 gold pieces
 51137 | Elf:3    | Bought a scroll of teleportation for 57 gold pieces
 51137 | Elf:3    | Acquired 403 gold pieces
 51418 | Vaults:1 | Entered Level 1 of the Vaults
 52585 | Vaults:1 | Got the Opusculum on the Magnum Impact
 52659 | Vaults:1 | Identified the +9 falchion of Wealth {heavy, ^Fragile rPois
                  | rF+ rCorr}
 53878 | Vaults:2 | Reached XP level 22. HP: 160/160 MP: 35/35
 53967 | Vaults:2 | Noticed Xtahua
 53976 | Vaults:2 | Killed Xtahua
 53981 | Vaults:2 | Identified the death talisman of Defiance {rElec Str+3
                  | Int-3 Dex+4}
 55904 | Vaults:3 | Reached skill level 15 in Dodging
 56817 | Vaults:3 | Found a staircase to the Crypt.
 56825 | Crypt:1  | Entered Level 1 of the Crypt
 56974 | Crypt:1  | You are sucked into a shaft and drop 1 floor!
 56975 | Crypt:2  | Identified the +8 chain mail of the Learner {*Slow rF++
                  | SInv Stlth+}
 57030 | Crypt:2  | Found a basalt altar of Yredelemnul.
 57623 | Crypt:1  | Identified the maw talisman of Generosity {rN+ Str+3 Dex+4}
 58132 | Crypt:1  | Bought a potion of curing for 39 gold pieces
 58132 | Crypt:1  | Bought a scroll of teleportation for 39 gold pieces
 58389 | Crypt:2  | Reached XP level 23. HP: 167/167 MP: 36/36
 59401 | Crypt:3  | Entered Level 3 of the Crypt
 59836 | Crypt:3  | Identified the ring of Onuty {Wiz rN+ Str+3 Int+2}
 59969 | Crypt:3  | Noticed Sojobo
 60088 | Crypt:3  | Killed Sojobo
 60237 | Crypt:3  | Found a basalt altar of Yredelemnul.
 61153 | Crypt:3  | Identified the ring of the Oni {rPois rF- rC+ rN++ EV+5
                  | Int+4}
 61217 | Crypt:3  | Identified the ring "Ryigg" {rElec rN++ MP+9 EV+5 Int-4}
 62066 | Crypt:3  | Found the +0 pair of fencer's gloves {Riposte Dex+3}
 62300 | Crypt:3  | Identified the staff of Wondrous Power {Str+2 Earth}
 62306 | Crypt:3  | Got Khufu's Compilation of Mortality
 62499 | Crypt:3  | Found a staircase to the Tomb.
 63904 | Vaults:4 | Reached XP level 24. HP: 177/177 MP: 36/36
 64076 | Vaults:4 | Noticed Donald
 64085 | Vaults:4 | Killed Donald
 64275 | Vaults:4 | Found Varomm's Jewellery Shop.
 64283 | Vaults:4 | Bought the ring of Nisk {rPois rF+ rN+ Will+ Str+3} for 889
                  | gold pieces
 64917 | Vaults:4 | Found a portal to a secret trove of treasure.
 65330 | Depths:1 | Entered Level 1 of the Depths
 65375 | Depths:1 | Found Utheiting's Assorted Antiques.
 65380 | Depths:1 | Found Gyskerghu's Book Emporium.
 65382 | Depths:1 | Bought a potion of haste for 300 gold pieces
 65533 | Depths:1 | Found a gateway to Hell.
 66073 | Depths:1 | Found a shimmering altar of Xom.
 66414 | Depths:2 | Found a magical portal.
 66423 | WizLab   | Entered The Roulette of Golubria
 66423 | WizLab   | Found a transporter.
 66426 | WizLab   | Found a corrupted altar of Lugonu.
 66447 | WizLab   | Found a transporter.
 66466 | WizLab   | Found a transporter.
 66466 | WizLab   | Found a transporter.
 66527 | WizLab   | Found a transporter.
 66604 | WizLab   | Found a corrupted altar of Lugonu.
 66619 | WizLab   | Found a corrupted altar of Lugonu.
 66619 | WizLab   | Found a transporter.
 66624 | WizLab   | Found a corrupted altar of Lugonu.
 66693 | WizLab   | Found a corrupted altar of Lugonu.
 66742 | WizLab   | Found a transporter.
 66743 | WizLab   | Found a corrupted altar of Lugonu.
 66787 | WizLab   | Found a transporter.
 66869 | WizLab   | Found a transporter.
 66898 | WizLab   | Found a transporter.
 66900 | WizLab   | Found a transporter.
 66955 | WizLab   | Found a transporter.
 66956 | WizLab   | Found a transporter.
 67001 | WizLab   | Found a transporter.
 67002 | WizLab   | Found a transporter.
 67005 | WizLab   | Found a corrupted altar of Lugonu.
 67141 | WizLab   | Found a transporter.
 67143 | WizLab   | Found a transporter.
 67167 | WizLab   | Found a transporter.
 67266 | WizLab   | Identified the +2 cloak of Poid {Int+2 Dex+4}
 67297 | WizLab   | Identified the +1 cloak of the Trilobite {rCorr}
 67503 | WizLab   | Found a transporter.
 68058 | Depths:2 | Reached XP level 25. HP: 185/185 MP: 28/36
 68242 | Depths:2 | Found a shimmering altar of Xom.
 68242 | Depths:2 | Found a bloodstained altar of Trog.
 68244 | Depths:2 | Found a bloodstained altar of Trog.
 68244 | Depths:2 | Found a hazy altar of Hepliaklqana.
 68379 | Depths:2 | Found a one-way gate leading to the halls of Pandemonium.
 68390 | Depths:2 | Identified the +5 orcbow "Bora" {drain, rF++ Str+3 Int-2
                  | Dex+3}
 68390 | Depths:2 | Identified the +8 shortbow of Toothy True Grit {heavy,
                  | *Slow rElec Dex+5 Stlth+}
 69050 | Depths:3 | Found a one-way gate to the infinite horrors of the Abyss.
 69074 | Depths:3 | Got Sif Muna's Almanac of Warped Illusion
 69835 | Depths:3 | Noticed Mennas
 70429 | Depths:3 | Killed Mennas
 70780 | Depths:4 | Entered Level 4 of the Depths
 70818 | Depths:4 | Found a one-way gateway to a ziggurat.
 71326 | Depths:4 | Found a gate to the Realm of Zot.
 71730 | Depths:4 | Noticed a juggernaut
 71731 | Depths:4 | Noticed Xieb Yco's ghost (veteran DjFE)
 71732 | Depths:4 | Noticed a juggernaut
 71732 | Depths:4 | Found a bloodstained altar of Trog.
 71816 | Depths:4 | Found a transporter.
 71841 | Depths:4 | Found a transporter.
 72134 | D:15     | Killed Rupert
 72251 | Depths:1 | Bought a scroll of teleportation for 63 gold pieces
 72251 | Depths:1 | Bought a scroll of teleportation for 63 gold pieces
 72251 | Depths:1 | Bought a scroll of teleportation for 63 gold pieces
 72253 | Depths:1 | Bought a scroll of blinking for 150 gold pieces
 72253 | Depths:1 | Bought a scroll of teleportation for 60 gold pieces
 72566 | Slime:1  | Entered Level 1 of the Pits of Slime
 72680 | Slime:5  | Entered Level 5 of the Pits of Slime
 72720 | Slime:5  | Noticed the Royal Jelly
 73177 | Slime:5  | Killed the Royal Jelly
 73740 | Slime:5  | Identified the +8 long sword "Vorhaj" {vamp, ^Contam rElec
                  | rC+ rCorr}
 73803 | Slime:5  | Got a slimy rune of Zot
 73836 | Slime:5  | Identified the +0 flail "Camoko" {drain, Str+4 Int+4}
 73844 | Slime:5  | Got the Catalogue of Phantasmal Kindling
 73883 | Slime:5  | Identified the +11 lajatang of Bankruptcy {heavy, rPois
                  | Will+ Str+4 Int-2}
 73885 | Slime:5  | Got the Directory of Concerted Ignition
 73989 | Slime:5  | Paralysed by a formless jellyfish for 1 turns
 74696 | Slime:4  | Gained mutation: Your body sometimes deteriorates upon
                  | taking damage. [a shining eye]
 74883 | Slime:4  | Reached XP level 26. HP: 194/194 MP: 36/36
 76073 | Slime:2  | Noticed Dissolution
 76080 | Slime:2  | Killed Dissolution
 77251 | Zot:1    | Entered Level 1 of the Realm of Zot
 77871 | Zot:1    | Found a runed translucent gate.
 77871 | Zot:1    | Found a runed translucent gate.
 77875 | Zot:1    | Found a runed translucent gate.
 77876 | Zot:1    | Noticed Fiolioss's ghost (master OnFi)
 77876 | Zot:1    | Noticed Leown's ghost (legendary KoDe)
 77888 | Zot:1    | Killed Fiolioss's ghost
 77898 | Zot:1    | Killed Leown's ghost
 77912 | Zot:1    | Got Eneqavel's Disquisition on the Seismic Pyromaniac
 79585 | Zot:2    | Noticed an orb of fire
 79596 | Zot:2    | Killed an orb of fire
 80007 | Zot:2    | Found a stormy altar of Qazlal.
 81070 | Zot:2    | Found a stormy altar of Qazlal.
 81817 | Zot:2    | Reached XP level 27. HP: 205/205 MP: 1/36
 83715 | Vaults:4 | You paid a toll of 8 scrolls of fog to enter a treasure
                  | trove
 83716 | Trove    | Entered a treasure trove
 83727 | Trove    | Identified the ring "Saimm" {rF+ Stlth+}
 83736 | Trove    | Identified the +2 buckler "Wimyoz" {rF+ Regen+ Stlth+}
 83738 | Trove    | Identified the ring "Geip" {+Blink rN++ Str+6 Dex+3 Stlth-}
 85242 | Zot:5    | Entered Level 5 of the Realm of Zot
 86066 | Zot:5    | Noticed an ancient lich
 86070 | Zot:5    | Killed an ancient lich
 86072 | Zot:5    | Noticed an orb of fire
 86075 | Zot:5    | Gained mutation: You occasionally shout uncontrollably at
                  | your foes. [an orb of fire]
 86076 | Zot:5    | Noticed an orb of fire
 86093 | Zot:5    | Noticed an orb of fire
 86106 | Zot:5    | Killed an orb of fire
 86106 | Zot:5    | Gained mutation: Your body often deteriorates upon taking
                  | damage. [an orb of fire]
 86107 | Zot:5    | Noticed a dread lich
 86111 | Zot:5    | Killed an orb of fire
 86111 | Zot:5    | Gained mutation: You sometimes lose your temper in combat.
                  | [an orb of fire]
 86113 | Zot:5    | Killed an orb of fire
 86543 | Zot:5    | Killed a dread lich
 86636 | Zot:5    | Noticed an orb of fire
 86638 | Zot:5    | Noticed an orb of fire
 86643 | Zot:5    | Killed an orb of fire
 86645 | Zot:5    | Killed an orb of fire
 86646 | Zot:5    | Noticed an orb of fire
 86652 | Zot:5    | Gained mutation: Your mind is acute. (Int +4, Str/Dex -1)
                  | [an orb of fire]
 86653 | Zot:5    | Gained mutation: You are weak. (Str -2) [an orb of fire]
 86658 | Zot:5    | Noticed an orb of fire
 86660 | Zot:5    | Killed an orb of fire
 86665 | Zot:5    | Lost mutation: Your mind is acute. (Int +4, Str/Dex -1) [an
                  | orb of fire]
 86672 | Zot:5    | Killed an orb of fire
 87078 | Zot:5    | Noticed an orb of fire
 87087 | Zot:5    | Killed an orb of fire
 87259 | Zot:5    | Noticed a dread lich
 87264 | Zot:5    | Noticed an orb of fire
 87264 | Zot:5    | Noticed an ancient lich
 87267 | Zot:5    | Killed a dread lich
 87275 | Zot:5    | Killed an orb of fire
 87278 | Zot:5    | Killed an ancient lich
 87855 | Hell     | Entered the Vestibule of Hell
 87855 | Hell     | Noticed Geryon
 87858 | Hell     | Killed Geryon
 87875 | Depths:4 | Lost mutation: You sometimes lose your temper in combat.
                  | [potion of mutation]
 87875 | Depths:4 | Lost mutation: Your body often deteriorates upon taking
                  | damage. [potion of mutation]
 87875 | Depths:4 | Gained mutation: You occasionally lose the ability to read
                  | scrolls when taking damage. [potion of mutation]
 87875 | Depths:4 | Gained mutation: You expend magic power (3 MP) to
                  | strengthen your wands. [potion of mutation]
 87875 | Depths:4 | Gained mutation: You have a pair of small antennae on your
                  | head. [potion of mutation]
 87875 | Depths:4 | Lost mutation: You are weak. (Str -2) [potion of mutation]
 87876 | Depths:4 | Lost mutation: Your body sometimes deteriorates upon taking
                  | damage. [potion of mutation]
 87876 | Depths:4 | Lost mutation: You occasionally shout uncontrollably at
                  | your foes. [potion of mutation]
 87876 | Depths:4 | Lost mutation: You have a pair of small antennae on your
                  | head. [potion of mutation]
 87876 | Depths:4 | Gained mutation: You are occasionally teleported next to
                  | monsters. [potion of mutation]
 87876 | Depths:4 | Gained mutation: You are robust. (+10% HP) [potion of
                  | mutation]
 87877 | Depths:4 | Lost mutation: You occasionally lose the ability to read
                  | scrolls when taking damage. [potion of mutation]
 87877 | Depths:4 | Lost mutation: You are robust. (+10% HP) [potion of
                  | mutation]
 87877 | Depths:4 | Gained mutation: You occasionally lose the ability to read
                  | scrolls when taking damage. [potion of mutation]
 87877 | Depths:4 | Gained mutation: You are vulnerable to heat. (rF-) [potion
                  | of mutation]
 87878 | Depths:4 | Lost mutation: You expend magic power (3 MP) to strengthen
                  | your wands. [potion of mutation]
 87878 | Depths:4 | Lost mutation: You occasionally lose the ability to read
                  | scrolls when taking damage. [potion of mutation]
 87878 | Depths:4 | Gained mutation: Your mind is acute. (Int +4, Str/Dex -1)
                  | [potion of mutation]
 87878 | Depths:4 | Gained mutation: You are partially covered in iridescent
                  | scales. (AC +2) [potion of mutation]
 87878 | Depths:4 | Gained mutation: Your muscles are strong. (Str +4, Int/Dex
                  | -1) [potion of mutation]
 87879 | Depths:4 | Lost mutation: Your mind is acute. (Int +4, Str/Dex -1)
                  | [potion of mutation]
 87879 | Depths:4 | Lost mutation: Your muscles are strong. (Str +4, Int/Dex
                  | -1) [potion of mutation]
 87879 | Depths:4 | Lost mutation: You are partially covered in iridescent
                  | scales. (AC +2) [potion of mutation]
 87879 | Depths:4 | Gained mutation: You are often teleported next to monsters.
                  | [potion of mutation]
 87880 | Depths:4 | Lost mutation: You are vulnerable to heat. (rF-) [potion of
                  | mutation]
 87880 | Depths:4 | Lost mutation: You are often teleported next to monsters.
                  | [potion of mutation]
 87880 | Depths:4 | Gained mutation: Your body sometimes deteriorates upon
                  | taking damage. [potion of mutation]
 87880 | Depths:4 | Gained mutation: You are clumsy. (Dex -2) [potion of
                  | mutation]
 87881 | Depths:4 | Lost mutation: Your body sometimes deteriorates upon taking
                  | damage. [potion of mutation]
 87881 | Depths:4 | Lost mutation: You are occasionally teleported next to
                  | monsters. [potion of mutation]
 87881 | Depths:4 | Lost mutation: You are clumsy. (Dex -2) [potion of
                  | mutation]
 87881 | Depths:4 | Gained mutation: You are weak. (Str -2) [potion of
                  | mutation]
 87882 | Depths:4 | Lost mutation: You are weak. (Str -2) [potion of mutation]
 87882 | Depths:4 | Gained mutation: Your body sometimes deteriorates upon
                  | taking damage. [potion of mutation]
 87882 | Depths:4 | Gained mutation: Potions are less effective at restoring
                  | your health. [potion of mutation]
 87882 | Depths:4 | Gained mutation: You are partially covered in large bone
                  | plates. (SH +4) [potion of mutation]
 87883 | Depths:4 | Lost mutation: Your body sometimes deteriorates upon taking
                  | damage. [potion of mutation]
 87883 | Depths:4 | Lost mutation: Potions are less effective at restoring your
                  | health. [potion of mutation]
 87883 | Depths:4 | Gained mutation: You are partially covered in iridescent
                  | scales. (AC +2) [potion of mutation]
 87945 | Hell     | Found a gateway to the ashen valley of Gehenna.
 87993 | Hell     | Found a gateway to the freezing wastes of Cocytus.
 88502 | Hell     | Found a gateway to the Iron City of Dis.
 88600 | Hell     | Found a gateway to the decaying netherworld of Tartarus.
 89006 | Vaults:5 | Entered Level 5 of the Vaults
 89061 | Vaults:5 | Noticed a dread lich
 89067 | Vaults:5 | Killed a dread lich
 89116 | Vaults:5 | Identified the amulet "Esallin" {rN+++ RegenMP+ Dex-3
                  | Slay+4}
 89572 | Vaults:5 | Identified the +1 leather armour of Perfidy {Str+4 Int+4}
 89584 | Vaults:5 | Got a silver rune of Zot
 89907 | Vaults:5 | Reached skill level 27 in Unarmed Combat
 90101 | Vaults:5 | Got the Enchiridion on Plutonic Phlogiston
 90300 | Vaults:5 | Noticed an ancient lich
 90310 | Vaults:5 | Killed an ancient lich
 90525 | Vaults:5 | Identified the +8 flail "Utizaelo" {drain, rPois Str+2
                  | Dex+2}
 90800 | Vaults:5 | Identified the +3 triple crossbow "Laeny" {heavy, ^Drain
                  | rN+++ Str+3 Dex+5}
 90822 | Vaults:5 | Identified the +0 robe "Asobleaw" {Harm +Blink rElec
                  | Archmagi}
 91067 | D:14     | Bought a potion of haste for 190 gold pieces
 91067 | D:14     | Bought 2 potions of magic for 304 gold pieces
 91067 | D:14     | Bought a potion of berserk rage for 95 gold pieces
 91067 | D:14     | Bought a potion of haste for 190 gold pieces
 91067 | D:14     | Bought a potion of curing for 57 gold pieces
 91067 | D:14     | Bought a potion of berserk rage for 95 gold pieces
 91067 | D:14     | Bought a potion of brilliance for 76 gold pieces
 91355 | Tomb:1   | Entered Level 1 of the Tomb of the Ancients
 91589 | Tomb:1   | Reached skill level 1 in Shields
 91648 | Tomb:1   | Noticed a royal mummy
 91654 | Tomb:1   | Killed a royal mummy
 91782 | Tomb:1   | Noticed a royal mummy
 91788 | Tomb:1   | Killed a royal mummy
 91794 | Tomb:1   | Learned a level 4 spell: Passage of Golubria
 91885 | Tomb:1   | Noticed a royal mummy
 91888 | Tomb:1   | Killed a royal mummy
 91942 | Tomb:1   | Noticed a royal mummy
 91950 | Tomb:1   | Killed a royal mummy
 92310 | Tomb:2   | Noticed a royal mummy
 92312 | Tomb:2   | Noticed a royal mummy
 92312 | Tomb:2   | Noticed a royal mummy
 92312 | Tomb:2   | Noticed a royal mummy
 92312 | Tomb:2   | Noticed a royal mummy
 92318 | Tomb:2   | Killed a royal mummy
 92448 | Tomb:2   | Killed a royal mummy
 92451 | Tomb:2   | Killed a royal mummy
 92454 | Tomb:2   | Killed a royal mummy
 92459 | Tomb:2   | Killed a royal mummy
 92473 | Tomb:2   | Reached skill level 5 in Shields
 92971 | Tomb:1   | Noticed a royal mummy
 92981 | Tomb:1   | Killed a royal mummy
 92988 | Tomb:1   | Noticed a royal mummy
 92991 | Tomb:1   | Noticed a royal mummy
 92994 | Tomb:1   | Noticed a royal mummy
 92998 | Tomb:1   | Killed a royal mummy
 93005 | Tomb:1   | Killed a royal mummy
 93008 | Tomb:1   | Killed a royal mummy
 93021 | Tomb:1   | Noticed a royal mummy
 93025 | Tomb:1   | Noticed a royal mummy
 93028 | Tomb:1   | Killed a royal mummy
 93032 | Tomb:1   | Killed a royal mummy
 93097 | Tomb:1   | Noticed a royal mummy
 93100 | Tomb:1   | Noticed a royal mummy
 93102 | Tomb:1   | Killed a royal mummy
 93109 | Tomb:1   | Noticed a royal mummy
 93110 | Tomb:1   | Killed a royal mummy
 93114 | Tomb:1   | Killed a royal mummy
 93135 | Tomb:1   | Noticed a royal mummy
 93146 | Tomb:1   | Killed a royal mummy
 93185 | Tomb:1   | Noticed a royal mummy
 93189 | Tomb:1   | Noticed a royal mummy
 93197 | Tomb:1   | Killed a royal mummy
 93201 | Tomb:1   | Killed a royal mummy
 93236 | Tomb:1   | Noticed a royal mummy
 93237 | Tomb:1   | Noticed a royal mummy
 93243 | Tomb:1   | Killed a royal mummy
 93244 | Tomb:1   | Noticed a royal mummy
 93244 | Tomb:1   | Noticed a royal mummy
 93247 | Tomb:1   | Killed a royal mummy
 93251 | Tomb:1   | Killed a royal mummy
 93257 | Tomb:1   | Killed a royal mummy
 93494 | Tomb:3   | Entered Level 3 of the Tomb of the Ancients
 93565 | Tomb:3   | Reached skill level 10 in Evocations
 93565 | Tomb:3   | Noticed a royal mummy
 93573 | Tomb:3   | Killed a royal mummy
 93605 | Tomb:3   | Noticed a royal mummy
 93631 | Tomb:3   | Killed a royal mummy
 93642 | Tomb:3   | Noticed a royal mummy
 93651 | Tomb:3   | Noticed a royal mummy
 93658 | Tomb:3   | Killed a royal mummy
 93688 | Tomb:3   | Noticed a royal mummy
 93699 | Tomb:3   | Killed a royal mummy
 93711 | Tomb:3   | Killed a royal mummy
 93822 | Tomb:3   | Noticed a royal mummy
 93883 | Tomb:3   | Killed a royal mummy
 93884 | Tomb:3   | Noticed a royal mummy
 94035 | Tomb:3   | Noticed a royal mummy
 94041 | Tomb:3   | Noticed a royal mummy
 94047 | Tomb:3   | Killed a royal mummy
 94051 | Tomb:3   | Killed a royal mummy
 94064 | Tomb:3   | Killed a royal mummy
 94317 | Tomb:3   | Found the +8 frozen axe "Frostbite" {freeze, freezing
                  | cloud, *Noise Fly rC+}
 94333 | Tomb:3   | Found the +3 Mad Mage's Maulers {Infuse+∞ VampMP -Cast}
 94334 | Tomb:3   | Identified the +9 trident "Ajamuawk" {flame, rPois Str+3}
 94352 | Tomb:3   | Identified the +2 dire flail of Ompej {venom, rCorr Int-4
                  | SInv Stlth+}
 94356 | Tomb:3   | Identified the +6 morningstar of Wuug Fuu {drain, rC+ Will+
                  | Str+2}
 94357 | Tomb:3   | Identified the ring "Qiuxye" {Will+ Int+3 SInv}
 94396 | Tomb:3   | Got the Secrets of Algid Ceraunoscopy
 94398 | Tomb:3   | Identified the ring of Liberty {AC+4 Dex+4 Stlth+}
 94417 | Tomb:3   | Identified the +8 bardiche "Piotuavi" {venom, rElec Str+2
                  | Stlth+}
 94592 | Tomb:3   | Identified the +8 rapier "Glorpo" {spect, rElec rCorr Int-3
                  | Dex+3}
 94750 | Tomb:3   | Got a golden rune of Zot
 95369 | Zig:1    | Entered Level 1 of a ziggurat
 95382 | Zig:2    | Entered Level 2 of a ziggurat
 95396 | Zig:2    | Identified the storm talisman "Pavvuem" {Str+2 Int+4}
 95409 | Zig:3    | Entered Level 3 of a ziggurat
 95729 | Zig:4    | Entered Level 4 of a ziggurat
 95767 | Zig:5    | Entered Level 5 of a ziggurat
 95768 | Zig:5    | Found the +5 scythe "Finisher" {speed, execute}
 95785 | Zig:5    | Identified the ring "Yvuppiq" {rF- rC+ Str+2 Int+6}
 95828 | Zig:6    | Entered Level 6 of a ziggurat
 95859 | Zig:6    | Identified the +9 lajatang of Skirmishing {drain, *Rage
                  | rPois Str+3 Dex+6}
 95860 | Zig:6    | Identified the ring of the Eight Violins {Wiz rElec}
 95908 | Zig:7    | Entered Level 7 of a ziggurat
 95952 | Zig:7    | Learned a level 1 spell: Apportation
 96070 | Zig:8    | Entered Level 8 of a ziggurat
 96088 | Zig:8    | Identified the ring "Miseak" {MP+9 Dex+4}
 96138 | Zig:9    | Entered Level 9 of a ziggurat
 96142 | Zig:9    | Found the amulet of Vitality {Regen++ RegenMP++}
 96284 | Zig:10   | Entered Level 10 of a ziggurat
 96289 | Zig:10   | Noticed Rycuow Sayn the pandemonium lord
 96300 | Zig:10   | Killed Rycuow Sayn the pandemonium lord
 96486 | Zig:11   | Entered Level 11 of a ziggurat
 96496 | Zig:11   | Found the +3 crown of Dyrovepreva {rElec Int+2 SInv}
 96619 | Zig:11   | Identified the +3 scale mail of Hepliaklqana's Whim
                  | {*Corrode rElec Regen+}
 96673 | Zig:12   | Entered Level 12 of a ziggurat
 96673 | Zig:12   | Noticed a dread lich
 96702 | Zig:12   | Reached skill level 10 in Shields
 97059 | Pan      | Entered Pandemonium
 97114 | Pan      | Entered the realm of Gloorx Vloq.
 97377 | Pan      | Noticed Ignacio
 97385 | Pan      | Killed Ignacio
 97987 | Pan      | Noticed Gloorx Vloq
 97994 | Pan      | Got a dark rune of Zot
 98008 | Pan      | Killed Gloorx Vloq
 98706 | Pan      | Found a white marble altar of Elyvilon.
 99560 | Pan      | Found a glowing silver altar of Zin.
100764 | Pan      | Identified the ring "Odafro" {AC+4 Int+3}
100851 | Pan      | Identified the ring "Nocev" {rPois Int+6}
100894 | Pan      | Identified the +5 dire flail "Ekkue" {venom, rElec rC+
                  | Dex+3}
101019 | Pan      | Identified the amulet "Lupusch" {Spirit rF+ Regen+ Str+2}
101024 | Pan      | Identified the ring of Light {Fly rF+ Will+ Str+3}
101044 | Pan      | Found a glowing golden altar of the Shining One.
101092 | Pan      | Noticed a seraph
101097 | Pan      | Killed a seraph
101100 | Pan      | Identified the +7 long sword "Zickasm" {freeze, rElec Int-3
                  | SInv Stlth+}
101104 | Pan      | Got a demonic rune of Zot
101272 | Depths:2 | Escaped Pandemonium
101286 | Pan      | Entered Pandemonium
101406 | Depths:2 | Escaped Pandemonium
101408 | Pan      | Entered Pandemonium
101587 | Pan      | Entered the realm of Lom Lobon.
101813 | Pan      | Noticed Lom Lobon
101816 | Pan      | Got a magical rune of Zot
101825 | Pan      | Killed Lom Lobon
102202 | Pan      | Reached skill level 15 in Evocations
102569 | Pan      | Entered the realm of Cerebov.
102569 | Pan      | Found the +6 sword of Cerebov {flame}
102569 | Pan      | Noticed Cerebov
102583 | Pan      | Killed Cerebov
102593 | Pan      | Got a fiery rune of Zot
102931 | Pan      | Identified the storm talisman "Xieffet" {rF- rCorr Dex+3
                  | SInv}
103255 | Pan      | Found an exit through the horrors of the Abyss.
103553 | Pan      | Gained mutation: Your spells are a little easier to cast,
                  | but a little less powerful. [a cacodemon]
103693 | Pan      | Entered the realm of Mnoleg.
103754 | Pan      | Noticed Mnoleg
103770 | Pan      | Gained mutation: You are weak. (Str -2) [a cacodemon]
103784 | Pan      | Killed Mnoleg
104197 | Pan      | Gained mutation: Your magical capacity is low. (-10% MP) [a
                  | cacodemon]
104326 | Pan      | Found an exit through the horrors of the Abyss.
104964 | Pan      | Got a glowing rune of Zot
105037 | Pan      | Learned a level 4 spell: Manifold Assault
105056 | Pan      | Identified the +5 spear of Woe {freeze, Dex+4 SInv}
105061 | Pan      | Found an exit through the horrors of the Abyss.
105070 | Pan      | Took an exit into the Abyss.
105070 | Abyss:1  | Escaped into the Abyss
105085 | Abyss:2  | Found a corrupted altar of Lugonu.
105112 | Abyss:2  | Found a corrupted altar of Lugonu.
105135 | Abyss:4  | Found a corrupted altar of Lugonu.
105169 | Abyss:4  | Got an abyssal rune of Zot
105277 | Abyss:4  | Found a corrupted altar of Lugonu.
105283 | Depths:2 | Escaped the Abyss
105290 | Depths:2 | Bought the ring of Ludaibi {Str+2 Int+6 Slay+3 Stlth+} for
                  | 1565 gold pieces
105290 | Depths:2 | Bought the ring "Saluajaod" {^Contam rF+ rC+ rN+ Stlth+}
                  | for 955 gold pieces
105304 | Depths:2 | Lost mutation: You are weak. (Str -2) [potion of mutation]
105304 | Depths:2 | Lost mutation: You are partially covered in iridescent
                  | scales. (AC +2) [potion of mutation]
105304 | Depths:2 | Lost mutation: Your magical capacity is low. (-10% MP)
                  | [potion of mutation]
105304 | Depths:2 | Gained mutation: You are partially covered in iridescent
                  | scales. (AC +2) [potion of mutation]
105304 | Depths:2 | Gained mutation: You are mostly covered in large bone
                  | plates. (SH +6) [potion of mutation]
105304 | Depths:2 | Gained mutation: You have an increased reservoir of magic.
                  | (+10% MP) [potion of mutation]
105304 | Depths:2 | Gained mutation: Your system is resistant to poisons.
                  | (rPois) [potion of mutation]
105351 | Dis:1    | Entered Level 1 of the Iron City of Dis
106451 | Dis:6    | Reached skill level 15 in Shields
106453 | Dis:6    | Noticed an ancient lich
106485 | Dis:6    | Killed an ancient lich
106681 | Dis:7    | Entered Level 7 of the Iron City of Dis
106823 | Dis:7    | Reached skill level 27 in Fighting
107523 | Dis:7    | Noticed a dread lich
107527 | Dis:7    | Killed a dread lich
107650 | Dis:7    | Noticed a juggernaut
107656 | Dis:7    | Killed a juggernaut
107663 | Dis:7    | Identified the ring of Tempters {Fly Int+4 Dex+6}
108074 | Dis:7    | Noticed Dispater
108077 | Dis:7    | Noticed a juggernaut
108083 | Dis:7    | Killed Dispater
108088 | Dis:7    | Killed a juggernaut
108089 | Dis:7    | Reached skill level 27 in Shapeshifting
108098 | Dis:7    | Identified the amulet of the Peasants {*Corrode Regen+
                  | Str+3 Dex+3}
108102 | Dis:7    | Identified the staff "Ytyfeiv" {rN+ Dex+4 Necro}
108106 | Dis:7    | Got an iron rune of Zot
108273 | Dis:7    | Noticed a juggernaut
108274 | Dis:7    | Killed a juggernaut
108291 | Dis:7    | Identified the +1 helmet of Ygudgh {-Cast Str+2 SInv}
108294 | Dis:7    | Identified the ring of Zagueg Vemi {Ice Will+}
108458 | Geh:1    | Entered Level 1 of Gehenna
108481 | Geh:1    | Reached skill level 10 in Stealth
108505 | Geh:1    | Reached skill level 1 in Fire Magic
109943 | Geh:6    | Reached skill level 5 in Fire Magic
110218 | Geh:7    | Entered Level 7 of Gehenna
110555 | Geh:7    | Reached skill level 10 in Spellcasting
110686 | Geh:7    | Found the +13 sceptre of Asmodeus
110686 | Geh:7    | Noticed Asmodeus
110692 | Geh:7    | Reached skill level 27 in Dodging
110696 | Geh:7    | Killed Asmodeus
110705 | Geh:7    | Got an obsidian rune of Zot
110967 | Geh:7    | Identified the +9 spear of the Countless Yaks {antimagic,
                  | *Corrode Fly rPois}
111390 | Hell     | Bought the ring "Qyzxazel" {rElec rC+++ Will- rCorr Dex-3}
                  | for 936 gold pieces
111469 | Coc:1    | Entered Level 1 of Cocytus
111485 | Coc:1    | Reached skill level 15 in Stealth
111960 | Coc:2    | Learned a level 8 spell: Ignition
112448 | Coc:4    | Reached skill level 10 in Fire Magic
113507 | Coc:7    | Entered Level 7 of Cocytus
113805 | Coc:7    | Noticed Antaeus
113845 | Coc:7    | Killed Antaeus
113938 | Coc:7    | Found the +8 autumn katana {manifold assault}
113959 | Coc:7    | Got an icy rune of Zot
114441 | Coc:7    | Paralysed by a wendigo for 1 turns
114596 | Coc:7    | Noticed the Serpent of Hell
114608 | Coc:7    | Killed the Serpent of Hell
115086 | Tar:1    | Entered Level 1 of Tartarus
115250 | Tar:1    | Reached skill level 15 in Fire Magic
115767 | Tar:3    | You are sucked into a shaft and drop 3 floors!
116065 | Tar:7    | Entered Level 7 of Tartarus
116401 | Tar:7    | Noticed Ereshkigal
116417 | Tar:7    | Killed Ereshkigal
116471 | Tar:7    | Got a bone rune of Zot
117070 | Tar:7    | Identified the staff "Syfad" {rC+ Earth}
117520 | Tar:7    | Identified the staff of the Gnashing Gods {rPois rN+ rCorr
                  | Stlth- Necro}
117521 | Tar:7    | Identified the staff of Qazlal's Whim {rF+ MP+9 Fire}
118392 | Temple   | Bought the ring of Bagi {rElec rPois Will+ Slay+2} for 1135
                  | gold pieces
118393 | Temple   | Fell from the grace of Gozag
118393 | Temple   | Became a worshipper of Dithmenos the Shadowed
118925 | Zig:1    | Entered Level 1 of a ziggurat
118965 | Zig:2    | Entered Level 2 of a ziggurat
118983 | Zig:2    | Identified the +3 quarterstaff of Doitia {flame, rN+}
118999 | Zig:3    | Entered Level 3 of a ziggurat
119007 | Zig:3    | Paralysed by an air elemental for 1 turns
119028 | Zig:4    | Entered Level 4 of a ziggurat
119039 | Zig:4    | Reached skill level 1 in Invocations
119048 | Zig:5    | Entered Level 5 of a ziggurat
119060 | Zig:5    | Reached * piety under Dithmenos
119067 | Zig:5    | Identified the +0 cloak of Xeuq {Will- Str+2 Dex+3 SInv}
119101 | Zig:6    | Entered Level 6 of a ziggurat
119118 | Zig:6    | Noticed a royal mummy
119125 | Zig:6    | Killed a royal mummy
119129 | Zig:6    | Identified the +0 plate armour of Joraer {Int+3}
119130 | Zig:6    | Identified the amulet of Morality {Faith +Blink rCorr
                  | Str+2}
119146 | Zig:7    | Entered Level 7 of a ziggurat
119152 | Zig:7    | Found the +2 shield of Resistance {rF++ rC++ Will++}
119165 | Zig:7    | Identified the amulet of Rukk {Spirit rC- Str+4 Int+5}
119168 | Zig:7    | Identified the ring "Hiphasom" {^Drain Will+ MP+9 Str+3}
119241 | Zig:8    | Entered Level 8 of a ziggurat
119246 | Zig:8    | Noticed Bodegier the pandemonium lord
119254 | Zig:8    | Killed Bodegier the pandemonium lord
119260 | Zig:8    | Reached ** piety under Dithmenos
119266 | Zig:8    | Reached skill level 5 in Invocations
119276 | Zig:8    | Identified the ring "Ceatinti" {MP+9 Dex+3}
119333 | Zig:9    | Entered Level 9 of a ziggurat
119339 | Zig:9    | Found the +11 Singing Sword {sonic wave}
119345 | Zig:9    | Found the +8 orange crystal plate armour {Archmagi, Int+3
                  | Clar}
119443 | Zig:10   | Entered Level 10 of a ziggurat
119450 | Zig:10   | Noticed Skimidon's ghost (veteran DgFi)
119450 | Zig:10   | Noticed docpaisley's ghost (legendary GnWn)
119521 | Zig:10   | Killed Skimidon's ghost
119525 | Zig:10   | Killed docpaisley's ghost
119536 | Zig:10   | Identified the amulet of Fun {RegenMP+ MP-9 Str+7}
119547 | Zig:10   | Identified the +1 dagger of the Slime-mould {vamp, Int+2
                  | Dex-2 SInv}
119665 | Zig:11   | Entered Level 11 of a ziggurat
119678 | Zig:11   | Reached *** piety under Dithmenos
119684 | Zig:11   | Identified the staff "Rymum" {rC+++ Stlth- Conj}
119688 | Zig:11   | Identified the +1 scimitar "Ypno" {flame, rF++}
119767 | Zig:12   | Entered Level 12 of a ziggurat
119779 | Zig:12   | Reached skill level 10 in Invocations
119804 | Zig:12   | Identified the staff "Bozo Rep" {rPois rN++ Str+2 Int-2
                  | Summ Alchemy}
119818 | Zig:12   | Identified the ring "Touxoss" {rPois rCorr AC+4}
119821 | Zig:12   | Identified the +1 cloak "Ezaaps" {Will+ Regen+}
119825 | Zig:13   | Entered Level 13 of a ziggurat
119833 | Zig:13   | Noticed Lootaef the pandemonium lord
119839 | Zig:13   | Killed Lootaef the pandemonium lord
119847 | Zig:13   | Reached **** piety under Dithmenos
119870 | Zig:13   | Identified the +5 morningstar of Obiter Dictum {flame,
                  | Will++ Int+2}
119875 | Zig:13   | Identified the +3 battleaxe "Cossuhuo" {flame, rElec rN+
                  | MP+9}
119877 | Zig:13   | Identified the +10 whip "Utyodicvicw" {drain, rPois rC+
                  | Dex-5 Stlth+}
119883 | Zig:13   | Identified the +7 glaive of Fate {antimagic, rElec Int+2
                  | SInv}
119981 | Zig:14   | Entered Level 14 of a ziggurat
119989 | Zig:14   | Noticed a royal mummy
119997 | Zig:14   | Noticed a royal mummy
119999 | Zig:14   | Noticed a royal mummy
119999 | Zig:14   | Noticed a royal mummy
120000 | Zig:14   | Noticed a royal mummy
120002 | Zig:14   | Killed a royal mummy
120002 | Zig:14   | Killed a royal mummy
120002 | Zig:14   | Killed a royal mummy
120004 | Zig:14   | Killed a royal mummy
120004 | Zig:14   | Killed a royal mummy
120112 | Zig:14   | Identified the staff of the Soothsayer {rF+ rC+ Ice}
120214 | Zig:15   | Entered Level 15 of a ziggurat
120220 | Zig:15   | Noticed an orb of fire
120221 | Zig:15   | Noticed an orb of fire
120225 | Zig:15   | Killed an orb of fire
120227 | Zig:15   | Reached ***** piety under Dithmenos
120229 | Zig:15   | Gained mutation: You occasionally shout uncontrollably at
                  | your foes. [an orb of fire]
120230 | Zig:15   | Gained mutation: You do not regenerate when monsters are
                  | visible. [an orb of fire]
120232 | Zig:15   | Killed an orb of fire
120233 | Zig:15   | Reached skill level 15 in Invocations
120264 | Zig:15   | Identified the ring of Kimpaxt {rF++ rC+ AC+4}
120269 | Zig:15   | Identified the ring of Liberalism {rN+ AC+4 Str-3 Int+4
                  | Slay+2}
120281 | Zig:15   | Identified the amulet "Lenit" {Faith rC+ Dex+2}
120286 | Zig:15   | Identified the +0 helmet of Caykain {Int+3}
120390 | Zig:15   | Lost mutation: You have an increased reservoir of magic.
                  | (+10% MP) [potion of mutation]
120390 | Zig:15   | Lost mutation: You do not regenerate when monsters are
                  | visible. [potion of mutation]
120390 | Zig:15   | Lost mutation: Your spells are a little easier to cast, but
                  | a little less powerful. [potion of mutation]
120390 | Zig:15   | Gained mutation: You are occasionally teleported next to
                  | monsters. [potion of mutation]
120390 | Zig:15   | Gained mutation: Your mind is acute. (Int +4, Str/Dex -1)
                  | [potion of mutation]
120390 | Zig:15   | Gained mutation: You are agile. (Dex +4, Str/Int -1)
                  | [potion of mutation]
120394 | Zig:15   | Lost mutation: You occasionally shout uncontrollably at
                  | your foes. [potion of mutation]
120394 | Zig:15   | Lost mutation: You are partially covered in iridescent
                  | scales. (AC +2) [potion of mutation]
120394 | Zig:15   | Lost mutation: You are mostly covered in large bone plates.
                  | (SH +6) [potion of mutation]
120394 | Zig:15   | Gained mutation: You are partially covered in iridescent
                  | scales. (AC +2) [potion of mutation]
120394 | Zig:15   | Gained mutation: Your mind is very acute. (Int +8, Str/Dex
                  | -2) [potion of mutation]
120397 | Zig:15   | Lost mutation: You are occasionally teleported next to
                  | monsters. [potion of mutation]
120397 | Zig:15   | Lost mutation: Your mind is very acute. (Int +8, Str/Dex
                  | -2) [potion of mutation]
120397 | Zig:15   | Lost mutation: You are partially covered in large bone
                  | plates. (SH +4) [potion of mutation]
120397 | Zig:15   | Gained mutation: You are partially covered in large bone
                  | plates. (SH +4) [potion of mutation]
120399 | Zig:16   | Entered Level 16 of a ziggurat
120408 | Zig:16   | Noticed Yghuricy the pandemonium lord
120418 | Zig:16   | Noticed Qougidd the pandemonium lord
120418 | Zig:16   | Noticed Qatof the pandemonium lord
120418 | Zig:16   | Noticed Binirasaegg the pandemonium lord
120418 | Zig:16   | Found the brooch of Shielding {Spirit SH+8}
120419 | Zig:16   | Noticed Xipemm the pandemonium lord
120419 | Zig:16   | Noticed Dorphiesu the pandemonium lord
120420 | Zig:16   | Noticed Ontubbot the pandemonium lord
120421 | Zig:16   | Killed Yghuricy the pandemonium lord
120422 | Zig:16   | Killed Ontubbot the pandemonium lord
120422 | Zig:16   | Noticed Wegify the pandemonium lord
120426 | Zig:16   | Killed Binirasaegg the pandemonium lord
120431 | Zig:16   | Killed Dorphiesu the pandemonium lord
120435 | Zig:16   | Found the ring of the Octopus King
120436 | Zig:16   | Identified a ring of the Octopus King {rF+ HP+2 AC+2 EV+2
                  | SH+2}
120457 | Zot:5    | Got the Orb of Zot
120579 | Zot:2    | Noticed Jounuthraway the pandemonium lord
120581 | Zot:2    | Killed Jounuthraway the pandemonium lord
120967 | D:11     | Noticed Ukidgh the pandemonium lord
120968 | D:11     | Killed Ukidgh the pandemonium lord
121307 | Depths:4 | Killed a juggernaut
121315 | Depths:4 | Killed Xieb Yco's ghost
121317 | Depths:4 | Killed a juggernaut
121713 | D:6      | Noticed Cygy the pandemonium lord
121715 | D:6      | Killed Cygy the pandemonium lord
121839 | D:1      | Noticed Qulikk the pandemonium lord
121839 | D:1      | Noticed an ancient lich
121844 | D:1      | Killed Qulikk the pandemonium lord
121847 | D:1      | Killed an ancient lich
121908 | D:$      | Escaped with the Orb!

Illustrated notes

Levels and vault maps discovered:
D:1:      ldierk_walled_garden_2, layout_loops_ring, serial_shops,
          nicolae_shop_getting_attention
D:2:      layout_rooms, serial_shops, shop
D:3:      layout_basic, mainiacjoe_overflow_six_doors_small,
          gup_sewer_entry_pipe
D:4:      layout_basic
D:5:      cheibrodos_helix_gallery, layout_basic, minmay_hollow_rounded_squares,
          uniq_sigmund, uniq_crazy_yiuf_cottage, uniq_edmund
D:6:      layout_layer_cave, mainiacjoe_overflow_brackets,
          minmay_temple_entry_stoned_glass, minmay_misc_feat_square,
          chequers_jeans
D:7:      layout_cave_pods, grunt_ministairs_15, nicolae_shop_gadgets,
          uniq_menkaure, uniq_jeremiah
D:8:      layout_cave_pools, enter_bailey_3, corexii_leaking_fountain
D:9:      layout_cave_pods, hellmonk_lair_entry_icy,
          chequers_serial_rivers_marsh
D:10:     layout_long_grid, statue_in_the_mist_lemuel, grunt_decor_resistance
D:11:     layout_long_grid, grunt_ministairs_8, evilmike_ruin_ashenzari,
          uniq_harold
D:12:     layout_rooms, kennysheep_orc_monster_closet_entryway
D:13:     layout_basic, fiery_altar_vehumet, uniq_azrael, uniq_sonja
D:14:     minmay_heptahexagon, layout_basic, david_vaults_1, elyvilon_altar_3
D:15:     grunt_enter_depths_snipers, layout_basic, dreamdust_princess_corridor,
          uniq_rupert
Temple:   nicolae_temple_slightly_damp_pantheon
Lair:1:   layout_cave_pods, chequers_serial_rivers_small_b, serial_bayou_pond_d,
          grunt_megastairs_1
Lair:2:   layout_big_grid, minmay_swamp_entry_reptiles, minivault_24,
          nicolae_lair_grove_arrangements, uniq_nergalle
Lair:3:   layout_regular_city, alex1729_snake_entry_snake, minivault_25,
          uniq_josephine
Lair:4:   layout_small_grid, grunt_forest_small_clearings, grunt_megastairs_2,
          lemuel_fruit_fields
Lair:5:   wormcave, layout_misc_corridors, hangedman_lair_in_review,
          dpeg_slime_entry_enclosed, infiniplex_staircase_pool_2
Swamp:1:  layout_basic_swamp, hangedman_swamp_ruin_hall, swamp_pool_4,
          infiniplex_staircase_pool
Swamp:2:  layout_basic_swamp, portal_ice_cave_entry_horrid_things,
          evilmike_swamp_ruin_house_4
Swamp:3:  layout_basic_swamp, evilmike_swamp_ruin_house_5, swamp_pool_5,
          uniq_nikola
Swamp:4:  swamp_old_school, layout_basic_swamp, swamp_pool_4
Snake:1:  cheibrodos_toxic_ritual, layout_cave_pods, serial_bayou_pond_d,
          lemuel_fruit_tree
Snake:2:  layout_misc_corridors
Snake:3:  layout_concentric_octagons, ebering_ghost_inner_flame, serial_shops,
          nicolae_shop_drivethru, uniq_bai_suzhen, uniq_vashnia, uniq_mlioglotl,
          uniq_agnes
Snake:4:  grunt_snake_rune_serpentine_throne, layout_cave_town,
          serial_bayou_shore_a, grunt_megastairs_4, uniq_aizul
Slime:1:  layout_caves
Slime:2:  layout_caves, cheibrodos_slime_lost_civilization_5, uniq_dissolution
Slime:3:  layout_caves
Slime:4:  layout_caves, cheibrodos_slime_lost_civilization_4
Slime:5:  slime_pit_nicolae_block_by_block
Orc:1:    layout_caves, uniq_erica, uniq_erolcha, uniq_jorgrun
Orc:2:    pubby_orc_utopia, uniq_saint_roka
Elf:1:    minmay_elf_arrival_summoners, layout_geoelf_diagonals,
          hangedman_elven_crosses_minicolossus
Elf:2:    nicolae_elf_blades_splatter_lattice [nooodl_blade_entry_preview],
          layout_loops_ring, serial_glass, glass_columns_a, glass_columns_a,
          glass_columns_a, glass_columns_c, glass_columns_a, glass_columns_b,
          item_on_display_a, item_on_display_a, item_on_display_a,
          hellmonk_guarded_unrand_damnation, uniq_norris
Elf:3:    minmay_elf_hall_dome, layout_geoelf_grid, serial_shops, shop,
          minmay_shop_grove
Vaults:1: hangedman_vaults_locks, vaults_mumra_chevron, vaults_dpeg_spiral,
          nicolae_vaults_doubleplus_tesselated,
          nicolae_vaults_stairing_the_circle, v_misc_17,
          nicolae_vaults_diffraction_hallways,
          nicolae_vaults_trapezoid_lopsided_1, ontoclasm_vaults_ring_square,
          nicolae_vaults_border_crossing, v_misc_26,
          nicolae_vaults_tetromino_Z_1, hangedman_vaults_capsules,
          ontoclasm_vaults_ring_large, nicolae_vaults_trapezoid_4,
          nicolae_vaults_trapezoid_lopsided_3, layout_vaults_maze
Vaults:2: hangedman_vaults_pinch, hangedman_vaults_restitches,
          nicolae_vaults_storage_room_glass, nicolae_vaults_house_3,
          nicolae_vaults_tangram_2, serial_library_hellmonk_big_corner,
          nicolae_vaults_mini_display_case, nicolae_vaults_more_shelving_2,
          v_misc_17, v_rooms_2, nicolae_vaults_sesquioval_fish,
          nicolae_vaults_trapezoid_2, layout_vaults_omnicross, uniq_xtahua
Vaults:3: minmay_crypt_entry_simple_walls, v_pattern_5,
          nicolae_vaults_surprise_closet, hangedman_vaults_stagger,
          nicolae_vaults_little_ls, vaults_dpeg_emergency_exit,
          nicolae_vaults_network_square, layout_vaults_omnigrid
Vaults:4: vaults_room_hallway, nicolae_vaults_network_quinsquares
          [nicolae_vaults_network_quincunx_subvault,
          nicolae_vaults_network_quincunx_subvault,
          nicolae_vaults_network_quincunx_subvault,
          nicolae_vaults_network_quincunx_subvault], v_misc_9,
          dpeg_vaults_monster_box, ontoclasm_vaults_loading_screen,
          nicolae_vaults_security_offices_5, nicolae_vaults_more_shelving_1,
          hangedman_vaults_variations, vaults_mumra_minichess,
          nicolae_vaults_gold_heap, layout_vaults_ring, serial_shops, shop,
          nicolae_trove_entry_columns, uniq_donald
Vaults:5: uniq_margery
Crypt:1:  layout_misc_corridors, st_stairs_11, nicolae_crypt_lurching_hallway
Crypt:2:  layout_gridlike, basic_altar, amcnicky_mini_pool_small
Crypt:3:  evilmike_haunted_forest, uniq_sojobo
Tomb:1
Tomb:2
Tomb:3
Depths:1: layout_gridlike, grunt_hell_entry_dis_mu, minmay_misc_feat_tower,
          xom_redecorated, minmay_shoptagon
Depths:2: minmay_the_grid_octo_tiled_octocenter_mashed
          [minmay_the_grid_octo_toaster, minmay_the_grid_octo_fat_diamond,
          minmay_the_grid_octo_shrine, minmay_the_grid_octo_odd_swirl,
          minmay_the_grid_octo_prize_square_snowflake,
          minmay_the_grid_square_5x5_almost_minimal,
          minmay_the_grid_square_5x5_bracketed,
          minmay_the_grid_square_5x5_tetrominoes,
          minmay_the_grid_square_5x5_empty], layout_small_grid, pan_entry,
          hell_entry, mu_enter_wizlab_3
Depths:3: minmay_textured_paths, layout_basic, abyss_entry, hell_entry,
          uniq_mennas
Depths:4: grunt_x_marks_the_spot, layout_honeycomb, enter_ziggurat_d,
          abyss_entry, hell_entry, gammafunk_ghost_wrathful_warriors
Hell
Dis:1:    layout_subdivisions, nicolae_dis_distal_crystal
Dis:2:    layout_gridville
Dis:3:    layout_jigsaw
Dis:4:    layout_jigsaw
Dis:5:    layout_gridville
Dis:6:    layout_gridville
Dis:7:    dis_hangedman
Geh:1:    layout_gehenna_lava_caves, nicolae_hells_seeping_fissure
Geh:2:    layout_gehenna_lava_caves
Geh:3:    layout_gehenna_pools_basic
Geh:4:    layout_gehenna_pools_basic
Geh:5:    layout_gehenna_lava_caves
Geh:6:    layout_gehenna_lava_caves
Geh:7:    geh_grunt_pentagon
Coc:1:    layout_cocytus_water_paths
Coc:2:    nicolae_coc_cocytus_crossing, layout_ice_bergs,
          nicolae_coc_statues_of_limitations
Coc:3:    layout_ice_bergs
Coc:4:    layout_cocytus_delve
Coc:5:    layout_ice_bergs, nicolae_coc_icecubes
Coc:6:    layout_ice_bergs
Coc:7:    coc_mu
Tar:1:    layout_honeycomb
Tar:2:    layout_honeycomb
Tar:3:    nicolae_tar_entranced, layout_cathedral_of_symmetry, evilmike_ambush
          [evilmike_ambush_outer_doors, evilmike_ambush_inner_pond]
Tar:6:    layout_grid_maze
Tar:7:    tar_minmay_river
Zot:1:    layout_gridlike, regret_index_zotdec_split_disrupt,
          gammafunk_ghost_cemetery
Zot:2:    layout_onion, regret_index_zotdec_storm_pass,
          st_single_dragon_hoard_4, grunt_megastairs_5
Zot:3:    layout_misc_corridors, st_stairs_4, regret_index_zotdec_banners
Zot:4:    layout_misc_corridors, regret_index_zotdec_serpentine_scales
Zot:5:    layout_basic, nicolae_zot_crop_circle

Skill      XL: |  1  2  3  4  5  6  7  8  9 10 11 12 13 14 15 16 17 18 19 20 21 22 23 24 25 26 27 |
---------------+----------------------------------------------------------------------------------+-----
Fighting       | 1 2 3 4 6 7 8 9 10 11 12 13 14 15 16 17 18 19 21 27 | 27.0
Alchemy        | 4 5 6 7 8 10 | 10.9
Shapeshifting  | 1 2 3 5 6 7 8 9 10 11 12 13 16 17 18 19 20 21 27 | 27.0
Spellcasting   | 3 4 5 6 7 8 9 13 | 13.3
Unarmed Combat | 1 6 8 10 12 14 15 16 17 19 20 21 22 24 25 27 | 27.0
Hexes          | 2 3 |  3.9
Dodging        | 4 6 8 9 10 11 12 13 14 15 16 17 18 19 27 | 27.0
Evocations     | 1 5 7 8 22 | 22.1
Translocations | 3 5 6 |  6.1
Air Magic      | 3 5 |  5.8
Stealth        | 4 6 21 | 21.6
Shields        | 16 | 16.4
Fire Magic     | 20 | 20.1
Invocations    | 21 | 21.1
Conjurations   | |  1.0

Action                     |  1- 3 |  4- 6 |  7- 9 | 10-12 | 13-15 | 16-18 | 19-21 | 22-24 | 25-27 || total
---------------------------+-------+-------+-------+-------+-------+-------+-------+-------+-------++-------
  Melee: Unarmed           |     1 |       |       |    52 |   244 |   619 |   806 |  1093 |  4444 ||  7259
         Short sword       |     6 |       |       |       |       |       |       |       |       ||     6
         Constrict         |     2 |       |     1 |     5 |    39 |    87 |       |       |   135 ||   269
         Tentacles         |     1 |       |     2 |    18 |    60 |   106 |       |       |   212 ||   399
         Falchion          |       |     2 |     8 |       |       |       |       |       |       ||    10
         Punch             |       |       |       |     8 |    26 |    58 |    83 |   187 |   927 ||  1289
         Maw               |       |       |       |       |    13 |       |       |       |       ||    13
         Tailslap          |       |       |       |       |       |    13 |   133 |   223 |   256 ||   625
         Bite              |       |       |       |       |       |     6 |   106 |   144 |   201 ||   457
   Fire: Shortbow          |    27 |   123 |   135 |       |       |       |       |       |       ||   285
         Sling             |       |       |    47 |   371 |    60 |       |       |       |       ||   478
   Cast: Sting             |    39 |    53 |    14 |     3 |     3 |       |       |       |       ||   112
         Olgreb's Toxic Ra |       |     3 |    25 |    74 |   154 |    65 |    18 |     7 |       ||   346
         Mephitic Cloud    |       |       |     5 |    25 |    14 |    22 |     1 |     1 |     1 ||    69
         Sticky Flame      |       |       |     6 |    29 |     6 |       |       |       |       ||    41
         Yara's Violent Un |       |       |       |     5 |     9 |       |       |       |     9 ||    23
         Blink             |       |       |       |     2 |    11 |     9 |     4 |     8 |    17 ||    51
         Ignite Poison     |       |       |       |       |   112 |   111 |    45 |    19 |    33 ||   320
         Eringya's Noxious |       |       |       |       |       |    90 |    27 |    13 |    46 ||   176
         Vhi's Electric Ch |       |       |       |       |       |    51 |    56 |    62 |   329 ||   498
         Lesser Beckoning  |       |       |       |       |       |       |    25 |     8 |    33 ||    66
         Apportation       |       |       |       |       |       |       |       |       |    26 ||    26
         Ignition          |       |       |       |       |       |       |       |       |    24 ||    24
 Invoke: Potion Petition   |       |       |       |     2 |     2 |       |       |       |     6 ||    10
         Call Merchant     |       |       |       |       |       |     4 |     3 |     1 |    12 ||    20
Ability: Begin Untransform |       |       |       |       |       |     1 |       |       |     5 ||     6
         Breathe Fire      |       |       |       |       |       |     2 |    19 |     3 |     1 ||    25
         Blinkbolt         |       |       |       |       |       |       |       |       |    48 ||    48
         Evoke Blink       |       |       |       |       |       |       |       |       |     1 ||     1
  Evoke: Wand              |       |     1 |       |       |     1 |     1 |       |       |    10 ||    13
         Lightning rod     |       |       |       |     1 |     8 |     9 |       |       |     2 ||    20
         Phantom mirror    |       |       |       |     1 |       |     2 |     1 |       |     2 ||     6
         Phial of floods   |       |       |       |     1 |       |       |       |       |       ||     1
         Box of beasts     |       |       |       |       |       |       |     1 |       |     3 ||     4
         Tin of tremorston |       |       |       |       |       |       |       |       |     2 ||     2
         Figurine of a zig |       |       |       |       |       |       |       |       |     1 ||     1
    Use: Scroll            |       |       |     2 |       |    24 |     9 |    10 |     3 |    17 ||    65
         Potion            |       |       |       |     3 |     1 |     6 |     3 |     5 |    43 ||    61
   Stab: Confused          |       |       |       |     1 |     1 |     1 |       |       |       ||     3
         Sleeping          |       |       |       |       |     8 |    10 |    28 |    29 |    62 ||   137
         Distracted        |       |       |       |       |     5 |     8 |    11 |    16 |    82 ||   122
 Armour: Skin              |    12 |    30 |    31 |    96 |   105 |   433 |   487 |   596 |  1483 ||  3273
  Dodge: Dodged            |    19 |    87 |    65 |   123 |   189 |   429 |   484 |   620 |  3497 ||  5513
  Block: Buckler           |       |       |       |       |       |       |       |       |   184 ||   184
         Kite shield       |       |       |       |       |       |       |       |       |    33 ||    33
   Form: Beast             |     1 |       |       |       |       |       |       |       |       ||     1
         Blade             |       |       |       |       |     1 |     1 |       |       |       ||     2
         Maw               |       |       |       |       |     1 |       |       |       |       ||     1
         Serpent           |       |       |       |       |       |     1 |       |       |       ||     1
         Dragon            |       |       |       |       |       |     1 |       |       |       ||     1
         Storm             |       |       |       |       |       |       |       |       |     9 ||     9
         Death             |       |       |       |       |       |       |       |       |     8 ||     8
                           |       |       |       |       |       |       |       |       |     1 ||     1

Table legend: (Time is in decaauts)
 A = Elapsed time spent in this place.
 B = Non-inter-level travel time spent in this place.
 C = Inter-level travel time spent in this place.
 D = Time resting spent in this place.
 E = Time spent auto-exploring this place.
 F = Levels seen in this place.
 G = Mean time per level.
                   A        B        C        D        E       F      G
               +--------+--------+--------+--------+--------+-----+--------+
         Total | 119434 | 107232 |  12202 |  23543 |  57203 | 138 |  865.5 |
       Dungeon |  23534 |  18772 |   4762 |   4505 |  11154 |  15 | 1568.9 |
        Temple |     83 |      9 |     74 |      0 |      0 |   1 |   83.0 |
          Lair |   5975 |   5437 |    538 |    568 |   3311 |   5 | 1195.0 |
         Swamp |   4176 |   4008 |    168 |    897 |   1988 |   4 | 1044.0 |
     Snake Pit |   8538 |   8209 |    329 |   3646 |   2568 |   4 | 2134.5 |
    Slime Pits |   4163 |   4036 |    127 |    621 |   2690 |   5 |  832.6 |
  Orcish Mines |   4412 |   4024 |    388 |   1337 |   1696 |   2 | 2206.0 |
   Elven Halls |   5604 |   5406 |    198 |   1858 |   2395 |   3 | 1868.0 |
        Vaults |  10818 |   9270 |   1548 |    662 |   6707 |   5 | 2163.6 |
         Crypt |   5912 |   5476 |    436 |   1695 |   2599 |   3 | 1970.7 |
          Tomb |   3412 |   3043 |    369 |    352 |   1577 |   3 | 1137.3 |
        Depths |   7249 |   5800 |   1449 |   1446 |   3330 |   4 | 1812.2 |
          Hell |    985 |    832 |    153 |    241 |    338 |   1 |  985.0 |
           Dis |   2885 |   2726 |    159 |    308 |   1508 |   7 |  412.1 |
       Gehenna |   2809 |   2599 |    210 |    119 |   1539 |   7 |  401.3 |
       Cocytus |   3399 |   3251 |    148 |     60 |   2183 |   7 |  485.6 |
      Tartarus |   2787 |   2685 |    102 |     24 |   1869 |   5 |  557.4 |
           Zot |   9397 |   8358 |   1039 |   2707 |   4140 |   5 | 1879.4 |
         Abyss |    194 |    194 |      0 |      0 |     37 |   4 |   48.5 |
   Pandemonium |   7581 |   7581 |      0 |    742 |   4246 |  15 |  505.4 |
      Ziggurat |   2725 |   2725 |      0 |   1180 |    390 |  28 |   97.3 |
         Trove |     45 |     45 |      0 |      0 |      5 |   1 |   45.0 |
         Sewer |    215 |    215 |      0 |     98 |     27 |   1 |  215.0 |
        Bailey |    366 |    366 |      0 |      0 |     89 |   1 |  366.0 |
      Ice Cave |   1072 |   1072 |      0 |    462 |    215 |   1 | 1072.0 |
        Wizlab |   1088 |   1088 |      0 |     12 |    599 |   1 | 1088.0 |
               +--------+--------+--------+--------+--------+-----+--------+

Top non-repeatable levels by time:
 Crypt:3: 3247 daAuts
   Orc:2: 3163 daAuts
    D:14: 3037 daAuts
   Zot:2: 3023 daAuts
Vaults:1: 2607 daAuts
 Snake:4: 2466 daAuts
     D:6: 2407 daAuts
Vaults:2: 2312 daAuts
   Elf:2: 2260 daAuts
   Zot:5: 2216 daAuts
    D:15: 2203 daAuts
 Snake:2: 2185 daAuts
Vaults:4: 2133 daAuts
   Elf:3: 2115 daAuts
 Snake:3: 1992 daAuts
